%YAML 1.1
%TAG !u! tag:unity3d.com,2011:
--- !u!1 &84560473000802118
GameObject:
  m_ObjectHideFlags: 0
  m_CorrespondingSourceObject: {fileID: 0}
  m_PrefabInstance: {fileID: 0}
  m_PrefabAsset: {fileID: 0}
  serializedVersion: 6
  m_Component:
  - component: {fileID: 7364017845031060860}
  m_Layer: 0
  m_Name: mixamorig:LeftHandPinky2
  m_TagString: Untagged
  m_Icon: {fileID: 0}
  m_NavMeshLayer: 0
  m_StaticEditorFlags: 0
  m_IsActive: 1
--- !u!4 &7364017845031060860
Transform:
  m_ObjectHideFlags: 0
  m_CorrespondingSourceObject: {fileID: 0}
  m_PrefabInstance: {fileID: 0}
  m_PrefabAsset: {fileID: 0}
  m_GameObject: {fileID: 84560473000802118}
  m_LocalRotation: {x: 0.012160249, y: 0.000000086619394, z: 0.00000011642391, w: 0.9999261}
  m_LocalPosition: {x: -0.00000041985882, y: 0.0001406566, z: -0.0000000046670903}
  m_LocalScale: {x: 1.0000002, y: 1.0000002, z: 1.0000001}
  m_Children:
  - {fileID: 2403671270509321507}
  m_Father: {fileID: 4460593515239432796}
  m_RootOrder: 0
  m_LocalEulerAnglesHint: {x: 0, y: 0, z: 0}
--- !u!1 &258971269416497065
GameObject:
  m_ObjectHideFlags: 0
  m_CorrespondingSourceObject: {fileID: 0}
  m_PrefabInstance: {fileID: 0}
  m_PrefabAsset: {fileID: 0}
  serializedVersion: 6
  m_Component:
  - component: {fileID: 7867258252581714186}
  m_Layer: 0
  m_Name: mixamorig:LeftArm
  m_TagString: Untagged
  m_Icon: {fileID: 0}
  m_NavMeshLayer: 0
  m_StaticEditorFlags: 0
  m_IsActive: 1
--- !u!4 &7867258252581714186
Transform:
  m_ObjectHideFlags: 0
  m_CorrespondingSourceObject: {fileID: 0}
  m_PrefabInstance: {fileID: 0}
  m_PrefabAsset: {fileID: 0}
  m_GameObject: {fileID: 258971269416497065}
  m_LocalRotation: {x: 0.31362933, y: -0.0530884, z: 0.017565057, w: 0.94789755}
  m_LocalPosition: {x: 1.9557773e-10, y: 0.0011168622, z: -0.000000007324852}
  m_LocalScale: {x: 1.0000001, y: 0.99999994, z: 0.99999994}
  m_Children:
  - {fileID: 8721242854629939096}
  m_Father: {fileID: 5663351290405265185}
  m_RootOrder: 0
  m_LocalEulerAnglesHint: {x: 0, y: 0, z: 0}
--- !u!1 &433854454032463528
GameObject:
  m_ObjectHideFlags: 0
  m_CorrespondingSourceObject: {fileID: 0}
  m_PrefabInstance: {fileID: 0}
  m_PrefabAsset: {fileID: 0}
  serializedVersion: 6
  m_Component:
  - component: {fileID: 3428181750882090606}
  m_Layer: 0
  m_Name: mixamorig:RightShoulder
  m_TagString: Untagged
  m_Icon: {fileID: 0}
  m_NavMeshLayer: 0
  m_StaticEditorFlags: 0
  m_IsActive: 1
--- !u!4 &3428181750882090606
Transform:
  m_ObjectHideFlags: 0
  m_CorrespondingSourceObject: {fileID: 0}
  m_PrefabInstance: {fileID: 0}
  m_PrefabAsset: {fileID: 0}
  m_GameObject: {fileID: 433854454032463528}
  m_LocalRotation: {x: -0.55470407, y: -0.43374118, z: 0.5722062, w: -0.42041892}
  m_LocalPosition: {x: 0.00054295576, y: 0.0012699452, z: -0.000016815551}
  m_LocalScale: {x: 1, y: 1, z: 0.99999934}
  m_Children:
  - {fileID: 4768645284716677870}
  m_Father: {fileID: 6717759777551653936}
  m_RootOrder: 2
  m_LocalEulerAnglesHint: {x: 0, y: 0, z: 0}
--- !u!1 &605072748012071984
GameObject:
  m_ObjectHideFlags: 0
  m_CorrespondingSourceObject: {fileID: 0}
  m_PrefabInstance: {fileID: 0}
  m_PrefabAsset: {fileID: 0}
  serializedVersion: 6
  m_Component:
  - component: {fileID: 5957361994352633425}
  m_Layer: 0
  m_Name: mixamorig:RightHandIndex4
  m_TagString: Untagged
  m_Icon: {fileID: 0}
  m_NavMeshLayer: 0
  m_StaticEditorFlags: 0
  m_IsActive: 1
--- !u!4 &5957361994352633425
Transform:
  m_ObjectHideFlags: 0
  m_CorrespondingSourceObject: {fileID: 0}
  m_PrefabInstance: {fileID: 0}
  m_PrefabAsset: {fileID: 0}
  m_GameObject: {fileID: 605072748012071984}
  m_LocalRotation: {x: 0.0000017732373, y: -0.00000041071326, z: 0.00000039860595, w: 1}
  m_LocalPosition: {x: -0.00000045333056, y: 0.0001252994, z: -0.0000000016530975}
  m_LocalScale: {x: 0.9999998, y: 1.0000008, z: 1.0000001}
  m_Children: []
  m_Father: {fileID: 8891181553738195907}
  m_RootOrder: 0
  m_LocalEulerAnglesHint: {x: 0, y: 0, z: 0}
--- !u!1 &766718095272221798
GameObject:
  m_ObjectHideFlags: 0
  m_CorrespondingSourceObject: {fileID: 0}
  m_PrefabInstance: {fileID: 0}
  m_PrefabAsset: {fileID: 0}
  serializedVersion: 6
  m_Component:
  - component: {fileID: 8706058076662624998}
  m_Layer: 0
  m_Name: mixamorig:LeftHandIndex2
  m_TagString: Untagged
  m_Icon: {fileID: 0}
  m_NavMeshLayer: 0
  m_StaticEditorFlags: 0
  m_IsActive: 1
--- !u!4 &8706058076662624998
Transform:
  m_ObjectHideFlags: 0
  m_CorrespondingSourceObject: {fileID: 0}
  m_PrefabInstance: {fileID: 0}
  m_PrefabAsset: {fileID: 0}
  m_GameObject: {fileID: 766718095272221798}
  m_LocalRotation: {x: -0.031185295, y: -0.00000006702962, z: 0.00000006892229, w: 0.9995136}
  m_LocalPosition: {x: -0.0000007434579, y: 0.00017742575, z: -0.0000000012223609}
  m_LocalScale: {x: 1.0000001, y: 0.99999976, z: 0.9999999}
  m_Children:
  - {fileID: 6688079739714389751}
  m_Father: {fileID: 3001202932747822673}
  m_RootOrder: 0
  m_LocalEulerAnglesHint: {x: 0, y: 0, z: 0}
--- !u!1 &872813615610693218
GameObject:
  m_ObjectHideFlags: 0
  m_CorrespondingSourceObject: {fileID: 0}
  m_PrefabInstance: {fileID: 0}
  m_PrefabAsset: {fileID: 0}
  serializedVersion: 6
  m_Component:
  - component: {fileID: 5663351290405265185}
  m_Layer: 0
  m_Name: mixamorig:LeftShoulder
  m_TagString: Untagged
  m_Icon: {fileID: 0}
  m_NavMeshLayer: 0
  m_StaticEditorFlags: 0
  m_IsActive: 1
--- !u!4 &5663351290405265185
Transform:
  m_ObjectHideFlags: 0
  m_CorrespondingSourceObject: {fileID: 0}
  m_PrefabInstance: {fileID: 0}
  m_PrefabAsset: {fileID: 0}
  m_GameObject: {fileID: 872813615610693218}
  m_LocalRotation: {x: 0.55630475, y: -0.4324838, z: 0.5708743, w: 0.42140874}
  m_LocalPosition: {x: -0.00054295576, y: 0.0012696597, z: -0.000014001913}
  m_LocalScale: {x: 1, y: 1, z: 0.9999999}
  m_Children:
  - {fileID: 7867258252581714186}
  m_Father: {fileID: 6717759777551653936}
  m_RootOrder: 0
  m_LocalEulerAnglesHint: {x: 0, y: 0, z: 0}
--- !u!1 &943764044867653253
GameObject:
  m_ObjectHideFlags: 0
  m_CorrespondingSourceObject: {fileID: 0}
  m_PrefabInstance: {fileID: 0}
  m_PrefabAsset: {fileID: 0}
  serializedVersion: 6
  m_Component:
  - component: {fileID: 6842647057449728938}
  m_Layer: 0
  m_Name: mixamorig:RightHandThumb3
  m_TagString: Untagged
  m_Icon: {fileID: 0}
  m_NavMeshLayer: 0
  m_StaticEditorFlags: 0
  m_IsActive: 1
--- !u!4 &6842647057449728938
Transform:
  m_ObjectHideFlags: 0
  m_CorrespondingSourceObject: {fileID: 0}
  m_PrefabInstance: {fileID: 0}
  m_PrefabAsset: {fileID: 0}
  m_GameObject: {fileID: 943764044867653253}
  m_LocalRotation: {x: -0.11596553, y: -0.00000032583299, z: -0.0000010989241, w: 0.99325323}
  m_LocalPosition: {x: -0.0000031155348, y: 0.00035589156, z: -4.842877e-10}
  m_LocalScale: {x: 0.9999998, y: 1.0000002, z: 0.9999999}
  m_Children:
  - {fileID: 148897458179290999}
  m_Father: {fileID: 3351240897160318880}
  m_RootOrder: 0
  m_LocalEulerAnglesHint: {x: 0, y: 0, z: 0}
--- !u!1 &964744085752394453
GameObject:
  m_ObjectHideFlags: 0
  m_CorrespondingSourceObject: {fileID: 0}
  m_PrefabInstance: {fileID: 0}
  m_PrefabAsset: {fileID: 0}
  serializedVersion: 6
  m_Component:
  - component: {fileID: 148897458179290999}
  m_Layer: 0
  m_Name: mixamorig:RightHandThumb4
  m_TagString: Untagged
  m_Icon: {fileID: 0}
  m_NavMeshLayer: 0
  m_StaticEditorFlags: 0
  m_IsActive: 1
--- !u!4 &148897458179290999
Transform:
  m_ObjectHideFlags: 0
  m_CorrespondingSourceObject: {fileID: 0}
  m_PrefabInstance: {fileID: 0}
  m_PrefabAsset: {fileID: 0}
  m_GameObject: {fileID: 964744085752394453}
  m_LocalRotation: {x: -0.00000042468298, y: 0.00000036228437, z: 0.0000016167758, w: 1}
  m_LocalPosition: {x: 0.000008049979, y: 0.00028223655, z: 0.0000000016274861}
  m_LocalScale: {x: 1.0000002, y: 1, z: 1.0000005}
  m_Children: []
  m_Father: {fileID: 6842647057449728938}
  m_RootOrder: 0
  m_LocalEulerAnglesHint: {x: 0, y: 0, z: 0}
--- !u!1 &1031332815335623342
GameObject:
  m_ObjectHideFlags: 0
  m_CorrespondingSourceObject: {fileID: 0}
  m_PrefabInstance: {fileID: 0}
  m_PrefabAsset: {fileID: 0}
  serializedVersion: 6
  m_Component:
  - component: {fileID: 4732636134032688031}
  m_Layer: 0
  m_Name: mixamorig:RightFoot
  m_TagString: Untagged
  m_Icon: {fileID: 0}
  m_NavMeshLayer: 0
  m_StaticEditorFlags: 0
  m_IsActive: 1
--- !u!4 &4732636134032688031
Transform:
  m_ObjectHideFlags: 0
  m_CorrespondingSourceObject: {fileID: 0}
  m_PrefabInstance: {fileID: 0}
  m_PrefabAsset: {fileID: 0}
  m_GameObject: {fileID: 1031332815335623342}
  m_LocalRotation: {x: 0.45051724, y: -0.06970012, z: 0.035323378, w: 0.88934153}
  m_LocalPosition: {x: 1.1554221e-10, y: 0.0043056044, z: -1.6298145e-11}
  m_LocalScale: {x: 0.99999994, y: 1.0000001, z: 1.0000004}
  m_Children:
  - {fileID: 5595365411902508672}
  m_Father: {fileID: 3100671811361794744}
  m_RootOrder: 0
  m_LocalEulerAnglesHint: {x: 0, y: 0, z: 0}
--- !u!1 &1161573335456407333
GameObject:
  m_ObjectHideFlags: 0
  m_CorrespondingSourceObject: {fileID: 0}
  m_PrefabInstance: {fileID: 0}
  m_PrefabAsset: {fileID: 0}
  serializedVersion: 6
  m_Component:
  - component: {fileID: 3007337464708674767}
  m_Layer: 0
  m_Name: mixamorig:RightHandMiddle4
  m_TagString: Untagged
  m_Icon: {fileID: 0}
  m_NavMeshLayer: 0
  m_StaticEditorFlags: 0
  m_IsActive: 1
--- !u!4 &3007337464708674767
Transform:
  m_ObjectHideFlags: 0
  m_CorrespondingSourceObject: {fileID: 0}
  m_PrefabInstance: {fileID: 0}
  m_PrefabAsset: {fileID: 0}
  m_GameObject: {fileID: 1161573335456407333}
  m_LocalRotation: {x: 0.000000017345881, y: -0.0000005479088, z: -0.00000019377329, w: 1}
  m_LocalPosition: {x: -0.0000007402897, y: 0.00018743605, z: -0.0000000021676532}
  m_LocalScale: {x: 0.9999998, y: 1.0000004, z: 0.99999994}
  m_Children: []
  m_Father: {fileID: 495523555932006073}
  m_RootOrder: 0
  m_LocalEulerAnglesHint: {x: 0, y: 0, z: 0}
--- !u!1 &1170752699133838306
GameObject:
  m_ObjectHideFlags: 0
  m_CorrespondingSourceObject: {fileID: 0}
  m_PrefabInstance: {fileID: 0}
  m_PrefabAsset: {fileID: 0}
  serializedVersion: 6
  m_Component:
  - component: {fileID: 6717759777551653936}
  m_Layer: 0
  m_Name: mixamorig:Spine2
  m_TagString: Untagged
  m_Icon: {fileID: 0}
  m_NavMeshLayer: 0
  m_StaticEditorFlags: 0
  m_IsActive: 1
--- !u!4 &6717759777551653936
Transform:
  m_ObjectHideFlags: 0
  m_CorrespondingSourceObject: {fileID: 0}
  m_PrefabInstance: {fileID: 0}
  m_PrefabAsset: {fileID: 0}
  m_GameObject: {fileID: 1170752699133838306}
  m_LocalRotation: {x: 0.00000033900142, y: -2.7032158e-11, z: 4.173725e-10, w: 1}
  m_LocalPosition: {x: -2.3283064e-12, y: 0.0012637086, z: -1.862645e-10}
  m_LocalScale: {x: 1, y: 1.0000001, z: 1}
  m_Children:
  - {fileID: 5663351290405265185}
  - {fileID: 243917203595180528}
  - {fileID: 3428181750882090606}
  m_Father: {fileID: 1230074311436398141}
  m_RootOrder: 0
  m_LocalEulerAnglesHint: {x: 0, y: 0, z: 0}
--- !u!1 &1310309130079679582
GameObject:
  m_ObjectHideFlags: 0
  m_CorrespondingSourceObject: {fileID: 0}
  m_PrefabInstance: {fileID: 0}
  m_PrefabAsset: {fileID: 0}
  serializedVersion: 6
  m_Component:
  - component: {fileID: 8125699031324329270}
  m_Layer: 0
  m_Name: mixamorig:RightHandPinky4
  m_TagString: Untagged
  m_Icon: {fileID: 0}
  m_NavMeshLayer: 0
  m_StaticEditorFlags: 0
  m_IsActive: 1
--- !u!4 &8125699031324329270
Transform:
  m_ObjectHideFlags: 0
  m_CorrespondingSourceObject: {fileID: 0}
  m_PrefabInstance: {fileID: 0}
  m_PrefabAsset: {fileID: 0}
  m_GameObject: {fileID: 1310309130079679582}
  m_LocalRotation: {x: -0.0000009128128, y: -0.0000005941838, z: -0.0000006258489, w: 1}
  m_LocalPosition: {x: 0.00000038257798, y: 0.00014954197, z: -0.0000000013626413}
  m_LocalScale: {x: 1, y: 0.9999995, z: 0.9999999}
  m_Children: []
  m_Father: {fileID: 5893562994137747830}
  m_RootOrder: 0
  m_LocalEulerAnglesHint: {x: 0, y: 0, z: 0}
--- !u!1 &1568788751038239594
GameObject:
  m_ObjectHideFlags: 0
  m_CorrespondingSourceObject: {fileID: 0}
  m_PrefabInstance: {fileID: 0}
  m_PrefabAsset: {fileID: 0}
  serializedVersion: 6
  m_Component:
  - component: {fileID: 6684347466232697041}
  m_Layer: 0
  m_Name: mixamorig:RightHand
  m_TagString: Untagged
  m_Icon: {fileID: 0}
  m_NavMeshLayer: 0
  m_StaticEditorFlags: 0
  m_IsActive: 1
--- !u!4 &6684347466232697041
Transform:
  m_ObjectHideFlags: 0
  m_CorrespondingSourceObject: {fileID: 0}
  m_PrefabInstance: {fileID: 0}
  m_PrefabAsset: {fileID: 0}
  m_GameObject: {fileID: 1568788751038239594}
  m_LocalRotation: {x: 0.042918168, y: -0.012047255, z: -0.077354506, w: 0.9960066}
  m_LocalPosition: {x: -3.8184225e-10, y: 0.0024402118, z: -0.0000000015704427}
  m_LocalScale: {x: 1.0000002, y: 0.9999991, z: 0.99999946}
  m_Children:
  - {fileID: 2872949203603664805}
  - {fileID: 3497538953980994404}
  - {fileID: 8184203101109321443}
  - {fileID: 2222268048919077405}
  - {fileID: 1270496878491165244}
  m_Father: {fileID: 6546501730066802796}
  m_RootOrder: 0
  m_LocalEulerAnglesHint: {x: 0, y: 0, z: 0}
--- !u!1 &1769651168024239346
GameObject:
  m_ObjectHideFlags: 0
  m_CorrespondingSourceObject: {fileID: 0}
  m_PrefabInstance: {fileID: 0}
  m_PrefabAsset: {fileID: 0}
  serializedVersion: 6
  m_Component:
  - component: {fileID: 2987826918807003077}
  m_Layer: 0
  m_Name: mixamorig:LeftToeBase
  m_TagString: Untagged
  m_Icon: {fileID: 0}
  m_NavMeshLayer: 0
  m_StaticEditorFlags: 0
  m_IsActive: 1
--- !u!4 &2987826918807003077
Transform:
  m_ObjectHideFlags: 0
  m_CorrespondingSourceObject: {fileID: 0}
  m_PrefabInstance: {fileID: 0}
  m_PrefabAsset: {fileID: 0}
  m_GameObject: {fileID: 1769651168024239346}
  m_LocalRotation: {x: 0.32734153, y: 0.09748184, z: -0.03396294, w: 0.9392504}
  m_LocalPosition: {x: -3.2654496e-10, y: 0.0017800203, z: 8.9639796e-11}
  m_LocalScale: {x: 0.9999996, y: 0.9999996, z: 0.99999964}
  m_Children:
  - {fileID: 5850497209819293930}
  m_Father: {fileID: 360045855243887329}
  m_RootOrder: 0
  m_LocalEulerAnglesHint: {x: 0, y: 0, z: 0}
--- !u!1 &1813596357250395772
GameObject:
  m_ObjectHideFlags: 0
  m_CorrespondingSourceObject: {fileID: 0}
  m_PrefabInstance: {fileID: 0}
  m_PrefabAsset: {fileID: 0}
  serializedVersion: 6
  m_Component:
  - component: {fileID: 143094588746923126}
  m_Layer: 0
  m_Name: mixamorig:RightHandMiddle2
  m_TagString: Untagged
  m_Icon: {fileID: 0}
  m_NavMeshLayer: 0
  m_StaticEditorFlags: 0
  m_IsActive: 1
--- !u!4 &143094588746923126
Transform:
  m_ObjectHideFlags: 0
  m_CorrespondingSourceObject: {fileID: 0}
  m_PrefabInstance: {fileID: 0}
  m_PrefabAsset: {fileID: 0}
  m_GameObject: {fileID: 1813596357250395772}
  m_LocalRotation: {x: 0.00029230313, y: -0.00000015529811, z: 0.00000009831281, w: 1}
  m_LocalPosition: {x: 0.00000036054988, y: 0.0002155929, z: 0.0000000035832635}
  m_LocalScale: {x: 0.9999999, y: 0.99999946, z: 0.99999964}
  m_Children:
  - {fileID: 495523555932006073}
  m_Father: {fileID: 3497538953980994404}
  m_RootOrder: 0
  m_LocalEulerAnglesHint: {x: 0, y: 0, z: 0}
--- !u!1 &1853867636715406618
GameObject:
  m_ObjectHideFlags: 0
  m_CorrespondingSourceObject: {fileID: 0}
  m_PrefabInstance: {fileID: 0}
  m_PrefabAsset: {fileID: 0}
  serializedVersion: 6
  m_Component:
  - component: {fileID: 5893562994137747830}
  m_Layer: 0
  m_Name: mixamorig:RightHandPinky3
  m_TagString: Untagged
  m_Icon: {fileID: 0}
  m_NavMeshLayer: 0
  m_StaticEditorFlags: 0
  m_IsActive: 1
--- !u!4 &5893562994137747830
Transform:
  m_ObjectHideFlags: 0
  m_CorrespondingSourceObject: {fileID: 0}
  m_PrefabInstance: {fileID: 0}
  m_PrefabAsset: {fileID: 0}
  m_GameObject: {fileID: 1853867636715406618}
  m_LocalRotation: {x: 0.04588682, y: 0.00000039902633, z: 0.00000033283277, w: 0.99894667}
  m_LocalPosition: {x: -0.000000022025779, y: 0.00019279757, z: -4.9360094e-10}
  m_LocalScale: {x: 1.0000001, y: 0.99999994, z: 1.0000001}
  m_Children:
  - {fileID: 8125699031324329270}
  m_Father: {fileID: 8189032120934405654}
  m_RootOrder: 0
  m_LocalEulerAnglesHint: {x: 0, y: 0, z: 0}
--- !u!1 &1891529175201918578
GameObject:
  m_ObjectHideFlags: 0
  m_CorrespondingSourceObject: {fileID: 0}
  m_PrefabInstance: {fileID: 0}
  m_PrefabAsset: {fileID: 0}
  serializedVersion: 6
  m_Component:
  - component: {fileID: 243917203595180528}
  m_Layer: 0
  m_Name: mixamorig:Neck
  m_TagString: Untagged
  m_Icon: {fileID: 0}
  m_NavMeshLayer: 0
  m_StaticEditorFlags: 0
  m_IsActive: 1
--- !u!4 &243917203595180528
Transform:
  m_ObjectHideFlags: 0
  m_CorrespondingSourceObject: {fileID: 0}
  m_PrefabInstance: {fileID: 0}
  m_PrefabAsset: {fileID: 0}
  m_GameObject: {fileID: 1891529175201918578}
  m_LocalRotation: {x: 0.05053473, y: -5.875559e-12, z: -4.1880135e-10, w: 0.9987223}
  m_LocalPosition: {x: -1.4180737e-13, y: 0.0014216655, z: -8.9406865e-10}
  m_LocalScale: {x: 0.9999999, y: 0.9999993, z: 0.9999993}
  m_Children:
  - {fileID: 1851760908111567154}
  m_Father: {fileID: 6717759777551653936}
  m_RootOrder: 1
  m_LocalEulerAnglesHint: {x: 0, y: 0, z: 0}
--- !u!1 &2014569476780107586
GameObject:
  m_ObjectHideFlags: 0
  m_CorrespondingSourceObject: {fileID: 0}
  m_PrefabInstance: {fileID: 0}
  m_PrefabAsset: {fileID: 0}
  serializedVersion: 6
  m_Component:
  - component: {fileID: 2872949203603664805}
  m_Layer: 0
  m_Name: mixamorig:RightHandIndex1
  m_TagString: Untagged
  m_Icon: {fileID: 0}
  m_NavMeshLayer: 0
  m_StaticEditorFlags: 0
  m_IsActive: 1
--- !u!4 &2872949203603664805
Transform:
  m_ObjectHideFlags: 0
  m_CorrespondingSourceObject: {fileID: 0}
  m_PrefabInstance: {fileID: 0}
  m_PrefabAsset: {fileID: 0}
  m_GameObject: {fileID: 2014569476780107586}
  m_LocalRotation: {x: 0.02497545, y: 0.00047292214, z: 0.01892485, w: 0.9995088}
  m_LocalPosition: {x: -0.00031584888, y: 0.0014819978, z: 0.000019483916}
  m_LocalScale: {x: 0.9999996, y: 1.0000002, z: 1.0000004}
  m_Children:
  - {fileID: 646930721844484137}
  m_Father: {fileID: 6684347466232697041}
  m_RootOrder: 0
  m_LocalEulerAnglesHint: {x: 0, y: 0, z: 0}
--- !u!1 &2026482515342991814
GameObject:
  m_ObjectHideFlags: 0
  m_CorrespondingSourceObject: {fileID: 0}
  m_PrefabInstance: {fileID: 0}
  m_PrefabAsset: {fileID: 0}
  serializedVersion: 6
  m_Component:
  - component: {fileID: 468454964360407948}
  m_Layer: 0
  m_Name: Armature
  m_TagString: Untagged
  m_Icon: {fileID: 0}
  m_NavMeshLayer: 0
  m_StaticEditorFlags: 0
  m_IsActive: 1
--- !u!4 &468454964360407948
Transform:
  m_ObjectHideFlags: 0
  m_CorrespondingSourceObject: {fileID: 0}
  m_PrefabInstance: {fileID: 0}
  m_PrefabAsset: {fileID: 0}
  m_GameObject: {fileID: 2026482515342991814}
  m_LocalRotation: {x: -0.7071068, y: 0, z: -0, w: 0.7071067}
  m_LocalPosition: {x: -0, y: 0, z: 0}
  m_LocalScale: {x: 100, y: 100, z: 100}
  m_Children:
  - {fileID: 5544906155089834798}
  m_Father: {fileID: 8804708916275690258}
  m_RootOrder: 0
  m_LocalEulerAnglesHint: {x: 0, y: 0, z: 0}
--- !u!1 &2186926856845813432
GameObject:
  m_ObjectHideFlags: 0
  m_CorrespondingSourceObject: {fileID: 0}
  m_PrefabInstance: {fileID: 0}
  m_PrefabAsset: {fileID: 0}
  serializedVersion: 6
  m_Component:
  - component: {fileID: 413399085910883951}
  m_Layer: 0
  m_Name: mixamorig:RightHandRing2
  m_TagString: Untagged
  m_Icon: {fileID: 0}
  m_NavMeshLayer: 0
  m_StaticEditorFlags: 0
  m_IsActive: 1
--- !u!4 &413399085910883951
Transform:
  m_ObjectHideFlags: 0
  m_CorrespondingSourceObject: {fileID: 0}
  m_PrefabInstance: {fileID: 0}
  m_PrefabAsset: {fileID: 0}
  m_GameObject: {fileID: 2186926856845813432}
  m_LocalRotation: {x: 0.038455136, y: -0.00000013607381, z: -0.00000007176496, w: 0.99926037}
  m_LocalPosition: {x: -0.00000006623566, y: 0.00021443646, z: -8.2480256e-10}
  m_LocalScale: {x: 0.9999997, y: 0.99999964, z: 0.9999996}
  m_Children:
  - {fileID: 4065452744836273778}
  m_Father: {fileID: 2222268048919077405}
  m_RootOrder: 0
  m_LocalEulerAnglesHint: {x: 0, y: 0, z: 0}
--- !u!1 &2302199210359201742
GameObject:
  m_ObjectHideFlags: 0
  m_CorrespondingSourceObject: {fileID: 0}
  m_PrefabInstance: {fileID: 0}
  m_PrefabAsset: {fileID: 0}
  serializedVersion: 6
  m_Component:
  - component: {fileID: 140942756683701760}
  m_Layer: 0
  m_Name: mixamorig:LeftHandThumb3
  m_TagString: Untagged
  m_Icon: {fileID: 0}
  m_NavMeshLayer: 0
  m_StaticEditorFlags: 0
  m_IsActive: 1
--- !u!4 &140942756683701760
Transform:
  m_ObjectHideFlags: 0
  m_CorrespondingSourceObject: {fileID: 0}
  m_PrefabInstance: {fileID: 0}
  m_PrefabAsset: {fileID: 0}
  m_GameObject: {fileID: 2302199210359201742}
  m_LocalRotation: {x: -0.10503907, y: -0.0000006190285, z: -0.00000015358653, w: 0.99446815}
  m_LocalPosition: {x: 0.000009799748, y: 0.0003485436, z: 3.632158e-10}
  m_LocalScale: {x: 1.0000006, y: 1.0000001, z: 0.9999998}
  m_Children:
  - {fileID: 1753281333303620809}
  m_Father: {fileID: 5283660262457026917}
  m_RootOrder: 0
  m_LocalEulerAnglesHint: {x: 0, y: 0, z: 0}
--- !u!1 &2326418995066591157
GameObject:
  m_ObjectHideFlags: 0
  m_CorrespondingSourceObject: {fileID: 0}
  m_PrefabInstance: {fileID: 0}
  m_PrefabAsset: {fileID: 0}
  serializedVersion: 6
  m_Component:
  - component: {fileID: 7908088833984379574}
  m_Layer: 0
  m_Name: mixamorig:Spine
  m_TagString: Untagged
  m_Icon: {fileID: 0}
  m_NavMeshLayer: 0
  m_StaticEditorFlags: 0
  m_IsActive: 1
--- !u!4 &7908088833984379574
Transform:
  m_ObjectHideFlags: 0
  m_CorrespondingSourceObject: {fileID: 0}
  m_PrefabInstance: {fileID: 0}
  m_PrefabAsset: {fileID: 0}
  m_GameObject: {fileID: 2326418995066591157}
  m_LocalRotation: {x: -0.05053491, y: 0, z: -0, w: 0.9987223}
  m_LocalPosition: {x: -1.1641532e-12, y: 0.0009429383, z: -0.00009566965}
  m_LocalScale: {x: 0.9999999, y: 0.99999976, z: 0.99999994}
  m_Children:
  - {fileID: 1230074311436398141}
  m_Father: {fileID: 5544906155089834798}
  m_RootOrder: 2
  m_LocalEulerAnglesHint: {x: 0, y: 0, z: 0}
--- !u!1 &2673857537320097703
GameObject:
  m_ObjectHideFlags: 0
  m_CorrespondingSourceObject: {fileID: 0}
  m_PrefabInstance: {fileID: 0}
  m_PrefabAsset: {fileID: 0}
  serializedVersion: 6
  m_Component:
  - component: {fileID: 5612620257853404245}
  m_Layer: 0
  m_Name: mixamorig:RightUpLeg
  m_TagString: Untagged
  m_Icon: {fileID: 0}
  m_NavMeshLayer: 0
  m_StaticEditorFlags: 0
  m_IsActive: 1
--- !u!4 &5612620257853404245
Transform:
  m_ObjectHideFlags: 0
  m_CorrespondingSourceObject: {fileID: 0}
  m_PrefabInstance: {fileID: 0}
  m_PrefabAsset: {fileID: 0}
  m_GameObject: {fileID: 2673857537320097703}
  m_LocalRotation: {x: -0.00038947107, y: -0.01088591, z: 0.9993323, w: -0.03487635}
  m_LocalPosition: {x: 0.0010642917, y: -0.0005236083, z: -0.000032514436}
  m_LocalScale: {x: 0.9999793, y: 0.99999976, z: 0.9999982}
  m_Children:
  - {fileID: 3100671811361794744}
  m_Father: {fileID: 5544906155089834798}
  m_RootOrder: 1
  m_LocalEulerAnglesHint: {x: 0, y: 0, z: 0}
--- !u!1 &2759373120250958103
GameObject:
  m_ObjectHideFlags: 0
  m_CorrespondingSourceObject: {fileID: 0}
  m_PrefabInstance: {fileID: 0}
  m_PrefabAsset: {fileID: 0}
  serializedVersion: 6
  m_Component:
  - component: {fileID: 2831118826506930954}
  m_Layer: 0
  m_Name: mixamorig:LeftHandRing1
  m_TagString: Untagged
  m_Icon: {fileID: 0}
  m_NavMeshLayer: 0
  m_StaticEditorFlags: 0
  m_IsActive: 1
--- !u!4 &2831118826506930954
Transform:
  m_ObjectHideFlags: 0
  m_CorrespondingSourceObject: {fileID: 0}
  m_PrefabInstance: {fileID: 0}
  m_PrefabAsset: {fileID: 0}
  m_GameObject: {fileID: 2759373120250958103}
  m_LocalRotation: {x: -0.031356044, y: -0.00330055, z: 0.1046376, w: 0.9940105}
  m_LocalPosition: {x: -0.000108325235, y: 0.0014628721, z: -0.000004548557}
  m_LocalScale: {x: 1.0000002, y: 1.0000002, z: 1.0000001}
  m_Children:
  - {fileID: 2409331548105060739}
  m_Father: {fileID: 2363666233200965952}
  m_RootOrder: 3
  m_LocalEulerAnglesHint: {x: 0, y: 0, z: 0}
--- !u!1 &2802822191548544205
GameObject:
  m_ObjectHideFlags: 0
  m_CorrespondingSourceObject: {fileID: 0}
  m_PrefabInstance: {fileID: 0}
  m_PrefabAsset: {fileID: 0}
  serializedVersion: 6
  m_Component:
  - component: {fileID: 5653468857650901613}
  m_Layer: 0
  m_Name: mixamorig:LeftHandRing4
  m_TagString: Untagged
  m_Icon: {fileID: 0}
  m_NavMeshLayer: 0
  m_StaticEditorFlags: 0
  m_IsActive: 1
--- !u!4 &5653468857650901613
Transform:
  m_ObjectHideFlags: 0
  m_CorrespondingSourceObject: {fileID: 0}
  m_PrefabInstance: {fileID: 0}
  m_PrefabAsset: {fileID: 0}
  m_GameObject: {fileID: 2802822191548544205}
  m_LocalRotation: {x: 2.3282354e-10, y: 0.0000003091991, z: -0.000000277534, w: 1}
  m_LocalPosition: {x: -0.00000016637146, y: 0.00011529278, z: 0.0000000012791134}
  m_LocalScale: {x: 1.0000001, y: 1.0000006, z: 0.99999994}
  m_Children: []
  m_Father: {fileID: 218546068927781392}
  m_RootOrder: 0
  m_LocalEulerAnglesHint: {x: 0, y: 0, z: 0}
--- !u!1 &2815917227539134104
GameObject:
  m_ObjectHideFlags: 0
  m_CorrespondingSourceObject: {fileID: 0}
  m_PrefabInstance: {fileID: 0}
  m_PrefabAsset: {fileID: 0}
  serializedVersion: 6
  m_Component:
  - component: {fileID: 4065452744836273778}
  m_Layer: 0
  m_Name: mixamorig:RightHandRing3
  m_TagString: Untagged
  m_Icon: {fileID: 0}
  m_NavMeshLayer: 0
  m_StaticEditorFlags: 0
  m_IsActive: 1
--- !u!4 &4065452744836273778
Transform:
  m_ObjectHideFlags: 0
  m_CorrespondingSourceObject: {fileID: 0}
  m_PrefabInstance: {fileID: 0}
  m_PrefabAsset: {fileID: 0}
  m_GameObject: {fileID: 2815917227539134104}
  m_LocalRotation: {x: -0.05418717, y: 0.00000028307235, z: -0.0000000993318, w: 0.9985308}
  m_LocalPosition: {x: 0.0000004641153, y: 0.00019411743, z: 0.0000000035000265}
  m_LocalScale: {x: 1.0000001, y: 0.99999976, z: 0.9999997}
  m_Children:
  - {fileID: 2200049630525747824}
  m_Father: {fileID: 413399085910883951}
  m_RootOrder: 0
  m_LocalEulerAnglesHint: {x: 0, y: 0, z: 0}
--- !u!1 &2850244281958110787
GameObject:
  m_ObjectHideFlags: 0
  m_CorrespondingSourceObject: {fileID: 0}
  m_PrefabInstance: {fileID: 0}
  m_PrefabAsset: {fileID: 0}
  serializedVersion: 6
  m_Component:
  - component: {fileID: 8721242854629939096}
  m_Layer: 0
  m_Name: mixamorig:LeftForeArm
  m_TagString: Untagged
  m_Icon: {fileID: 0}
  m_NavMeshLayer: 0
  m_StaticEditorFlags: 0
  m_IsActive: 1
--- !u!4 &8721242854629939096
Transform:
  m_ObjectHideFlags: 0
  m_CorrespondingSourceObject: {fileID: 0}
  m_PrefabInstance: {fileID: 0}
  m_PrefabAsset: {fileID: 0}
  m_GameObject: {fileID: 2850244281958110787}
  m_LocalRotation: {x: -0.08729659, y: 0.0112514235, z: -0.12733252, w: 0.9879469}
  m_LocalPosition: {x: -1.8626451e-11, y: 0.0025132925, z: -2.0576407e-10}
  m_LocalScale: {x: 1.0000002, y: 1.0000002, z: 1}
  m_Children:
  - {fileID: 2363666233200965952}
  m_Father: {fileID: 7867258252581714186}
  m_RootOrder: 0
  m_LocalEulerAnglesHint: {x: 0, y: 0, z: 0}
--- !u!1 &3176370522113041544
GameObject:
  m_ObjectHideFlags: 0
  m_CorrespondingSourceObject: {fileID: 0}
  m_PrefabInstance: {fileID: 0}
  m_PrefabAsset: {fileID: 0}
  serializedVersion: 6
  m_Component:
  - component: {fileID: 8396173329907956753}
  m_Layer: 0
  m_Name: mixamorig:LeftHandMiddle4
  m_TagString: Untagged
  m_Icon: {fileID: 0}
  m_NavMeshLayer: 0
  m_StaticEditorFlags: 0
  m_IsActive: 1
--- !u!4 &8396173329907956753
Transform:
  m_ObjectHideFlags: 0
  m_CorrespondingSourceObject: {fileID: 0}
  m_PrefabInstance: {fileID: 0}
  m_PrefabAsset: {fileID: 0}
  m_GameObject: {fileID: 3176370522113041544}
  m_LocalRotation: {x: 0.00000166148, y: -0.000000089639826, z: 0.00000023772013, w: 1}
  m_LocalPosition: {x: -0.00000027152709, y: 0.00014105345, z: -0.0000000021292361}
  m_LocalScale: {x: 0.9999999, y: 0.9999998, z: 0.9999996}
  m_Children: []
  m_Father: {fileID: 5694345603631462207}
  m_RootOrder: 0
  m_LocalEulerAnglesHint: {x: 0, y: 0, z: 0}
--- !u!1 &3474719688169788747
GameObject:
  m_ObjectHideFlags: 0
  m_CorrespondingSourceObject: {fileID: 0}
  m_PrefabInstance: {fileID: 0}
  m_PrefabAsset: {fileID: 0}
  serializedVersion: 6
  m_Component:
  - component: {fileID: 4768645284716677870}
  m_Layer: 0
  m_Name: mixamorig:RightArm
  m_TagString: Untagged
  m_Icon: {fileID: 0}
  m_NavMeshLayer: 0
  m_StaticEditorFlags: 0
  m_IsActive: 1
--- !u!4 &4768645284716677870
Transform:
  m_ObjectHideFlags: 0
  m_CorrespondingSourceObject: {fileID: 0}
  m_PrefabInstance: {fileID: 0}
  m_PrefabAsset: {fileID: 0}
  m_GameObject: {fileID: 3474719688169788747}
  m_LocalRotation: {x: 0.31372875, y: 0.047200423, z: -0.015616724, w: 0.9482102}
  m_LocalPosition: {x: -2.188608e-10, y: 0.0011168594, z: 0.0000000014249235}
  m_LocalScale: {x: 0.9999993, y: 0.9999999, z: 0.9999996}
  m_Children:
  - {fileID: 6546501730066802796}
  m_Father: {fileID: 3428181750882090606}
  m_RootOrder: 0
  m_LocalEulerAnglesHint: {x: 0, y: 0, z: 0}
--- !u!1 &3914179396288274991
GameObject:
  m_ObjectHideFlags: 0
  m_CorrespondingSourceObject: {fileID: 0}
  m_PrefabInstance: {fileID: 0}
  m_PrefabAsset: {fileID: 0}
  serializedVersion: 6
  m_Component:
  - component: {fileID: 1270496878491165244}
  m_Layer: 0
  m_Name: mixamorig:RightHandThumb1
  m_TagString: Untagged
  m_Icon: {fileID: 0}
  m_NavMeshLayer: 0
  m_StaticEditorFlags: 0
  m_IsActive: 1
--- !u!4 &1270496878491165244
Transform:
  m_ObjectHideFlags: 0
  m_CorrespondingSourceObject: {fileID: 0}
  m_PrefabInstance: {fileID: 0}
  m_PrefabAsset: {fileID: 0}
  m_GameObject: {fileID: 3914179396288274991}
  m_LocalRotation: {x: 0.09832159, y: 0.028072687, z: 0.27310246, w: 0.95653534}
  m_LocalPosition: {x: -0.00026290343, y: 0.0004111895, z: 0.00010139792}
  m_LocalScale: {x: 1, y: 1, z: 1.0000002}
  m_Children:
  - {fileID: 3351240897160318880}
  m_Father: {fileID: 6684347466232697041}
  m_RootOrder: 4
  m_LocalEulerAnglesHint: {x: 0, y: 0, z: 0}
--- !u!1 &3967981467269084243
GameObject:
  m_ObjectHideFlags: 0
  m_CorrespondingSourceObject: {fileID: 0}
  m_PrefabInstance: {fileID: 0}
  m_PrefabAsset: {fileID: 0}
  serializedVersion: 6
  m_Component:
  - component: {fileID: 4460593515239432796}
  m_Layer: 0
  m_Name: mixamorig:LeftHandPinky1
  m_TagString: Untagged
  m_Icon: {fileID: 0}
  m_NavMeshLayer: 0
  m_StaticEditorFlags: 0
  m_IsActive: 1
--- !u!4 &4460593515239432796
Transform:
  m_ObjectHideFlags: 0
  m_CorrespondingSourceObject: {fileID: 0}
  m_PrefabInstance: {fileID: 0}
  m_PrefabAsset: {fileID: 0}
  m_GameObject: {fileID: 3967981467269084243}
  m_LocalRotation: {x: -0.006603028, y: -0.00061756093, z: 0.09310243, w: 0.9956345}
  m_LocalPosition: {x: -0.00031277994, y: 0.0012622061, z: 0.000015929441}
  m_LocalScale: {x: 1, y: 1.0000002, z: 1.0000004}
  m_Children:
  - {fileID: 7364017845031060860}
  m_Father: {fileID: 2363666233200965952}
  m_RootOrder: 2
  m_LocalEulerAnglesHint: {x: 0, y: 0, z: 0}
--- !u!1 &4337707152439162557
GameObject:
  m_ObjectHideFlags: 0
  m_CorrespondingSourceObject: {fileID: 0}
  m_PrefabInstance: {fileID: 0}
  m_PrefabAsset: {fileID: 0}
  serializedVersion: 6
  m_Component:
  - component: {fileID: 5595365411902508672}
  m_Layer: 0
  m_Name: mixamorig:RightToeBase
  m_TagString: Untagged
  m_Icon: {fileID: 0}
  m_NavMeshLayer: 0
  m_StaticEditorFlags: 0
  m_IsActive: 1
--- !u!4 &5595365411902508672
Transform:
  m_ObjectHideFlags: 0
  m_CorrespondingSourceObject: {fileID: 0}
  m_PrefabInstance: {fileID: 0}
  m_PrefabAsset: {fileID: 0}
  m_GameObject: {fileID: 4337707152439162557}
  m_LocalRotation: {x: 0.3247236, y: -0.097991385, z: 0.03385244, w: 0.9401097}
  m_LocalPosition: {x: -7.3661793e-10, y: 0.0017923714, z: 3.632158e-10}
  m_LocalScale: {x: 0.9999999, y: 0.99999946, z: 0.99999964}
  m_Children:
  - {fileID: 8198528830265298889}
  m_Father: {fileID: 4732636134032688031}
  m_RootOrder: 0
  m_LocalEulerAnglesHint: {x: 0, y: 0, z: 0}
--- !u!1 &4952064903165203637
GameObject:
  m_ObjectHideFlags: 0
  m_CorrespondingSourceObject: {fileID: 0}
  m_PrefabInstance: {fileID: 0}
  m_PrefabAsset: {fileID: 0}
  serializedVersion: 6
  m_Component:
  - component: {fileID: 6224123000460161232}
  m_Layer: 0
  m_Name: mixamorig:LeftLeg
  m_TagString: Untagged
  m_Icon: {fileID: 0}
  m_NavMeshLayer: 0
  m_StaticEditorFlags: 0
  m_IsActive: 1
--- !u!4 &6224123000460161232
Transform:
  m_ObjectHideFlags: 0
  m_CorrespondingSourceObject: {fileID: 0}
  m_PrefabInstance: {fileID: 0}
  m_PrefabAsset: {fileID: 0}
  m_GameObject: {fileID: 4952064903165203637}
  m_LocalRotation: {x: -0.03038208, y: 0.0012717621, z: -0.042716924, w: 0.9986243}
  m_LocalPosition: {x: -1.4206307e-10, y: 0.0045193, z: -2.919478e-12}
  m_LocalScale: {x: 0.9999996, y: 0.9999995, z: 0.9999988}
  m_Children:
  - {fileID: 360045855243887329}
  m_Father: {fileID: 2430672460951994244}
  m_RootOrder: 0
  m_LocalEulerAnglesHint: {x: 0, y: 0, z: 0}
--- !u!1 &5075514051575054107
GameObject:
  m_ObjectHideFlags: 0
  m_CorrespondingSourceObject: {fileID: 0}
  m_PrefabInstance: {fileID: 0}
  m_PrefabAsset: {fileID: 0}
  serializedVersion: 6
  m_Component:
  - component: {fileID: 360045855243887329}
  m_Layer: 0
  m_Name: mixamorig:LeftFoot
  m_TagString: Untagged
  m_Icon: {fileID: 0}
  m_NavMeshLayer: 0
  m_StaticEditorFlags: 0
  m_IsActive: 1
--- !u!4 &360045855243887329
Transform:
  m_ObjectHideFlags: 0
  m_CorrespondingSourceObject: {fileID: 0}
  m_PrefabInstance: {fileID: 0}
  m_PrefabAsset: {fileID: 0}
  m_GameObject: {fileID: 5075514051575054107}
  m_LocalRotation: {x: 0.4486198, y: 0.07067428, z: -0.035611734, w: 0.8902119}
  m_LocalPosition: {x: 8.541974e-11, y: 0.004306277, z: -3.4924596e-12}
  m_LocalScale: {x: 1.0000002, y: 1.0000007, z: 1.0000005}
  m_Children:
  - {fileID: 2987826918807003077}
  m_Father: {fileID: 6224123000460161232}
  m_RootOrder: 0
  m_LocalEulerAnglesHint: {x: 0, y: 0, z: 0}
--- !u!1 &5106168430584692246
GameObject:
  m_ObjectHideFlags: 0
  m_CorrespondingSourceObject: {fileID: 0}
  m_PrefabInstance: {fileID: 0}
  m_PrefabAsset: {fileID: 0}
  serializedVersion: 6
  m_Component:
  - component: {fileID: 2409331548105060739}
  m_Layer: 0
  m_Name: mixamorig:LeftHandRing2
  m_TagString: Untagged
  m_Icon: {fileID: 0}
  m_NavMeshLayer: 0
  m_StaticEditorFlags: 0
  m_IsActive: 1
--- !u!4 &2409331548105060739
Transform:
  m_ObjectHideFlags: 0
  m_CorrespondingSourceObject: {fileID: 0}
  m_PrefabInstance: {fileID: 0}
  m_PrefabAsset: {fileID: 0}
  m_GameObject: {fileID: 5106168430584692246}
  m_LocalRotation: {x: 0.032841578, y: -0.00000058052706, z: -0.00000005684133, w: 0.9994606}
  m_LocalPosition: {x: 0.00000018869527, y: 0.00016901124, z: -0.0000000020302833}
  m_LocalScale: {x: 1.0000001, y: 1, z: 0.9999998}
  m_Children:
  - {fileID: 218546068927781392}
  m_Father: {fileID: 2831118826506930954}
  m_RootOrder: 0
  m_LocalEulerAnglesHint: {x: 0, y: 0, z: 0}
--- !u!1 &5242811447496432738
GameObject:
  m_ObjectHideFlags: 0
  m_CorrespondingSourceObject: {fileID: 0}
  m_PrefabInstance: {fileID: 0}
  m_PrefabAsset: {fileID: 0}
  serializedVersion: 6
  m_Component:
  - component: {fileID: 8267361001319093399}
  m_Layer: 0
  m_Name: mixamorig:LeftHandMiddle1
  m_TagString: Untagged
  m_Icon: {fileID: 0}
  m_NavMeshLayer: 0
  m_StaticEditorFlags: 0
  m_IsActive: 1
--- !u!4 &8267361001319093399
Transform:
  m_ObjectHideFlags: 0
  m_CorrespondingSourceObject: {fileID: 0}
  m_PrefabInstance: {fileID: 0}
  m_PrefabAsset: {fileID: 0}
  m_GameObject: {fileID: 5242811447496432738}
  m_LocalRotation: {x: -0.0018161655, y: 0.00000012712574, z: -0.000026603275, w: 0.9999984}
  m_LocalPosition: {x: 0.00008984996, y: 0.0015137687, z: -0.000011017639}
  m_LocalScale: {x: 1.0000001, y: 0.9999998, z: 1.0000002}
  m_Children:
  - {fileID: 5738536605098707406}
  m_Father: {fileID: 2363666233200965952}
  m_RootOrder: 1
  m_LocalEulerAnglesHint: {x: 0, y: 0, z: 0}
--- !u!1 &5261179901384797333
GameObject:
  m_ObjectHideFlags: 0
  m_CorrespondingSourceObject: {fileID: 0}
  m_PrefabInstance: {fileID: 0}
  m_PrefabAsset: {fileID: 0}
  serializedVersion: 6
  m_Component:
  - component: {fileID: 2363666233200965952}
  m_Layer: 0
  m_Name: mixamorig:LeftHand
  m_TagString: Untagged
  m_Icon: {fileID: 0}
  m_NavMeshLayer: 0
  m_StaticEditorFlags: 0
  m_IsActive: 1
--- !u!4 &2363666233200965952
Transform:
  m_ObjectHideFlags: 0
  m_CorrespondingSourceObject: {fileID: 0}
  m_PrefabInstance: {fileID: 0}
  m_PrefabAsset: {fileID: 0}
  m_GameObject: {fileID: 5261179901384797333}
  m_LocalRotation: {x: 0.053228334, y: 0.01747912, z: 0.08696893, w: 0.99463445}
  m_LocalPosition: {x: -9.592622e-10, y: 0.0024434866, z: 0.0000000035003176}
  m_LocalScale: {x: 0.9999994, y: 0.99999976, z: 0.9999999}
  m_Children:
  - {fileID: 3001202932747822673}
  - {fileID: 8267361001319093399}
  - {fileID: 4460593515239432796}
  - {fileID: 2831118826506930954}
  - {fileID: 1391242884292136560}
  m_Father: {fileID: 8721242854629939096}
  m_RootOrder: 0
  m_LocalEulerAnglesHint: {x: 0, y: 0, z: 0}
--- !u!1 &5373633472610451822
GameObject:
  m_ObjectHideFlags: 0
  m_CorrespondingSourceObject: {fileID: 0}
  m_PrefabInstance: {fileID: 0}
  m_PrefabAsset: {fileID: 0}
  serializedVersion: 6
  m_Component:
  - component: {fileID: 2200049630525747824}
  m_Layer: 0
  m_Name: mixamorig:RightHandRing4
  m_TagString: Untagged
  m_Icon: {fileID: 0}
  m_NavMeshLayer: 0
  m_StaticEditorFlags: 0
  m_IsActive: 1
--- !u!4 &2200049630525747824
Transform:
  m_ObjectHideFlags: 0
  m_CorrespondingSourceObject: {fileID: 0}
  m_PrefabInstance: {fileID: 0}
  m_PrefabAsset: {fileID: 0}
  m_GameObject: {fileID: 5373633472610451822}
  m_LocalRotation: {x: -0.0000014094985, y: -0.00000008125791, z: 0.000000147149, w: 1}
  m_LocalPosition: {x: -0.0000003979262, y: 0.00014833384, z: -0.000000007653725}
  m_LocalScale: {x: 0.9999997, y: 1, z: 0.99999994}
  m_Children: []
  m_Father: {fileID: 4065452744836273778}
  m_RootOrder: 0
  m_LocalEulerAnglesHint: {x: 0, y: 0, z: 0}
--- !u!1 &5452931298520255618
GameObject:
  m_ObjectHideFlags: 0
  m_CorrespondingSourceObject: {fileID: 0}
  m_PrefabInstance: {fileID: 0}
  m_PrefabAsset: {fileID: 0}
  serializedVersion: 6
  m_Component:
  - component: {fileID: 1851760908111567154}
  m_Layer: 0
  m_Name: mixamorig:Head
  m_TagString: Untagged
  m_Icon: {fileID: 0}
  m_NavMeshLayer: 0
  m_StaticEditorFlags: 0
  m_IsActive: 1
--- !u!4 &1851760908111567154
Transform:
  m_ObjectHideFlags: 0
  m_CorrespondingSourceObject: {fileID: 0}
  m_PrefabInstance: {fileID: 0}
  m_PrefabAsset: {fileID: 0}
  m_GameObject: {fileID: 5452931298520255618}
  m_LocalRotation: {x: -0.000000009527712, y: -8.67382e-19, z: 2.8283863e-18, w: 1}
  m_LocalPosition: {x: -7.76218e-15, y: 0.00060021156, z: 0.00014626753}
  m_LocalScale: {x: 1, y: 1.0000001, z: 0.9999996}
  m_Children:
  - {fileID: 3347713685315303405}
  m_Father: {fileID: 243917203595180528}
  m_RootOrder: 0
  m_LocalEulerAnglesHint: {x: 0, y: 0, z: 0}
--- !u!1 &5702009794961906386
GameObject:
  m_ObjectHideFlags: 0
  m_CorrespondingSourceObject: {fileID: 0}
  m_PrefabInstance: {fileID: 0}
  m_PrefabAsset: {fileID: 0}
  serializedVersion: 6
  m_Component:
  - component: {fileID: 495523555932006073}
  m_Layer: 0
  m_Name: mixamorig:RightHandMiddle3
  m_TagString: Untagged
  m_Icon: {fileID: 0}
  m_NavMeshLayer: 0
  m_StaticEditorFlags: 0
  m_IsActive: 1
--- !u!4 &495523555932006073
Transform:
  m_ObjectHideFlags: 0
  m_CorrespondingSourceObject: {fileID: 0}
  m_PrefabInstance: {fileID: 0}
  m_PrefabAsset: {fileID: 0}
  m_GameObject: {fileID: 5702009794961906386}
  m_LocalRotation: {x: -0.06524018, y: 0.0000003114925, z: 0.000000066031745, w: 0.9978696}
  m_LocalPosition: {x: 0.00000037976073, y: 0.00023089052, z: -0.0000000033178367}
  m_LocalScale: {x: 1.0000002, y: 0.9999999, z: 0.99999964}
  m_Children:
  - {fileID: 3007337464708674767}
  m_Father: {fileID: 143094588746923126}
  m_RootOrder: 0
  m_LocalEulerAnglesHint: {x: 0, y: 0, z: 0}
--- !u!1 &5831755756533688250
GameObject:
  m_ObjectHideFlags: 0
  m_CorrespondingSourceObject: {fileID: 0}
  m_PrefabInstance: {fileID: 0}
  m_PrefabAsset: {fileID: 0}
  serializedVersion: 6
  m_Component:
  - component: {fileID: 5283660262457026917}
  m_Layer: 0
  m_Name: mixamorig:LeftHandThumb2
  m_TagString: Untagged
  m_Icon: {fileID: 0}
  m_NavMeshLayer: 0
  m_StaticEditorFlags: 0
  m_IsActive: 1
--- !u!4 &5283660262457026917
Transform:
  m_ObjectHideFlags: 0
  m_CorrespondingSourceObject: {fileID: 0}
  m_PrefabInstance: {fileID: 0}
  m_PrefabAsset: {fileID: 0}
  m_GameObject: {fileID: 5831755756533688250}
  m_LocalRotation: {x: 0.060419936, y: 0.00000007277615, z: -0.00000068297624, w: 0.99817306}
  m_LocalPosition: {x: 0.000003469102, y: 0.00039153872, z: -0.0000000022118911}
  m_LocalScale: {x: 0.9999995, y: 0.9999995, z: 0.99999964}
  m_Children:
  - {fileID: 140942756683701760}
  m_Father: {fileID: 1391242884292136560}
  m_RootOrder: 0
  m_LocalEulerAnglesHint: {x: 0, y: 0, z: 0}
--- !u!1 &6110984070934581377
GameObject:
  m_ObjectHideFlags: 0
  m_CorrespondingSourceObject: {fileID: 0}
  m_PrefabInstance: {fileID: 0}
  m_PrefabAsset: {fileID: 0}
  serializedVersion: 6
  m_Component:
  - component: {fileID: 2403671270509321507}
  m_Layer: 0
  m_Name: mixamorig:LeftHandPinky3
  m_TagString: Untagged
  m_Icon: {fileID: 0}
  m_NavMeshLayer: 0
  m_StaticEditorFlags: 0
  m_IsActive: 1
--- !u!4 &2403671270509321507
Transform:
  m_ObjectHideFlags: 0
  m_CorrespondingSourceObject: {fileID: 0}
  m_PrefabInstance: {fileID: 0}
  m_PrefabAsset: {fileID: 0}
  m_GameObject: {fileID: 6110984070934581377}
  m_LocalRotation: {x: -0.02747408, y: 0.00000008058986, z: -0.00000012111772, w: 0.9996225}
  m_LocalPosition: {x: 0.000000023609028, y: 0.00013998653, z: 0.000000009135692}
  m_LocalScale: {x: 0.9999994, y: 0.9999998, z: 0.9999998}
  m_Children:
  - {fileID: 1112837364067651586}
  m_Father: {fileID: 7364017845031060860}
  m_RootOrder: 0
  m_LocalEulerAnglesHint: {x: 0, y: 0, z: 0}
--- !u!1 &6243996678540986984
GameObject:
  m_ObjectHideFlags: 0
  m_CorrespondingSourceObject: {fileID: 0}
  m_PrefabInstance: {fileID: 0}
  m_PrefabAsset: {fileID: 0}
  serializedVersion: 6
  m_Component:
  - component: {fileID: 6688079739714389751}
  m_Layer: 0
  m_Name: mixamorig:LeftHandIndex3
  m_TagString: Untagged
  m_Icon: {fileID: 0}
  m_NavMeshLayer: 0
  m_StaticEditorFlags: 0
  m_IsActive: 1
--- !u!4 &6688079739714389751
Transform:
  m_ObjectHideFlags: 0
  m_CorrespondingSourceObject: {fileID: 0}
  m_PrefabInstance: {fileID: 0}
  m_PrefabAsset: {fileID: 0}
  m_GameObject: {fileID: 6243996678540986984}
  m_LocalRotation: {x: -0.09834532, y: 0.000000064939876, z: -0.000000016187444, w: 0.99515235}
  m_LocalPosition: {x: -0.00000026674823, y: 0.00016616304, z: -0.000000005671754}
  m_LocalScale: {x: 0.99999994, y: 0.9999996, z: 0.99999964}
  m_Children:
  - {fileID: 6111287442999130899}
  m_Father: {fileID: 8706058076662624998}
  m_RootOrder: 0
  m_LocalEulerAnglesHint: {x: 0, y: 0, z: 0}
--- !u!1 &6253835379708227858
GameObject:
  m_ObjectHideFlags: 0
  m_CorrespondingSourceObject: {fileID: 0}
  m_PrefabInstance: {fileID: 0}
  m_PrefabAsset: {fileID: 0}
  serializedVersion: 6
  m_Component:
  - component: {fileID: 5694345603631462207}
  m_Layer: 0
  m_Name: mixamorig:LeftHandMiddle3
  m_TagString: Untagged
  m_Icon: {fileID: 0}
  m_NavMeshLayer: 0
  m_StaticEditorFlags: 0
  m_IsActive: 1
--- !u!4 &5694345603631462207
Transform:
  m_ObjectHideFlags: 0
  m_CorrespondingSourceObject: {fileID: 0}
  m_PrefabInstance: {fileID: 0}
  m_PrefabAsset: {fileID: 0}
  m_GameObject: {fileID: 6253835379708227858}
  m_LocalRotation: {x: 0.03568023, y: -0.0000002504523, z: -0.00000007268941, w: 0.99936324}
  m_LocalPosition: {x: 0.0000002650544, y: 0.00018688566, z: -6.519258e-11}
  m_LocalScale: {x: 1.0000006, y: 1, z: 1.0000001}
  m_Children:
  - {fileID: 8396173329907956753}
  m_Father: {fileID: 5738536605098707406}
  m_RootOrder: 0
  m_LocalEulerAnglesHint: {x: 0, y: 0, z: 0}
--- !u!1 &6438570389070663756
GameObject:
  m_ObjectHideFlags: 0
  m_CorrespondingSourceObject: {fileID: 0}
  m_PrefabInstance: {fileID: 0}
  m_PrefabAsset: {fileID: 0}
  serializedVersion: 6
  m_Component:
  - component: {fileID: 5850497209819293930}
  m_Layer: 0
  m_Name: mixamorig:LeftToe_End
  m_TagString: Untagged
  m_Icon: {fileID: 0}
  m_NavMeshLayer: 0
  m_StaticEditorFlags: 0
  m_IsActive: 1
--- !u!4 &5850497209819293930
Transform:
  m_ObjectHideFlags: 0
  m_CorrespondingSourceObject: {fileID: 0}
  m_PrefabInstance: {fileID: 0}
  m_PrefabAsset: {fileID: 0}
  m_GameObject: {fileID: 6438570389070663756}
  m_LocalRotation: {x: 0.000000035593974, y: -0.0000083887135, z: 0.00000020999684, w: 1}
  m_LocalPosition: {x: -3.515879e-10, y: 0.0007056967, z: 1.4901161e-10}
  m_LocalScale: {x: 0.9999999, y: 1.0000004, z: 1.0000002}
  m_Children: []
  m_Father: {fileID: 2987826918807003077}
  m_RootOrder: 0
  m_LocalEulerAnglesHint: {x: 0, y: 0, z: 0}
--- !u!1 &6485189986366508207
GameObject:
  m_ObjectHideFlags: 0
  m_CorrespondingSourceObject: {fileID: 0}
  m_PrefabInstance: {fileID: 0}
  m_PrefabAsset: {fileID: 0}
  serializedVersion: 6
  m_Component:
  - component: {fileID: 3001202932747822673}
  m_Layer: 0
  m_Name: mixamorig:LeftHandIndex1
  m_TagString: Untagged
  m_Icon: {fileID: 0}
  m_NavMeshLayer: 0
  m_StaticEditorFlags: 0
  m_IsActive: 1
--- !u!4 &3001202932747822673
Transform:
  m_ObjectHideFlags: 0
  m_CorrespondingSourceObject: {fileID: 0}
  m_PrefabInstance: {fileID: 0}
  m_PrefabAsset: {fileID: 0}
  m_GameObject: {fileID: 6485189986366508207}
  m_LocalRotation: {x: 0.03953379, y: 0.0003641218, z: 0.009199967, w: 0.99917585}
  m_LocalPosition: {x: 0.00033125645, y: 0.0014840025, z: 0.000009754253}
  m_LocalScale: {x: 1, y: 1, z: 1.0000007}
  m_Children:
  - {fileID: 8706058076662624998}
  m_Father: {fileID: 2363666233200965952}
  m_RootOrder: 0
  m_LocalEulerAnglesHint: {x: 0, y: 0, z: 0}
--- !u!1 &6605135885107207462
GameObject:
  m_ObjectHideFlags: 0
  m_CorrespondingSourceObject: {fileID: 0}
  m_PrefabInstance: {fileID: 0}
  m_PrefabAsset: {fileID: 0}
  serializedVersion: 6
  m_Component:
  - component: {fileID: 3497538953980994404}
  m_Layer: 0
  m_Name: mixamorig:RightHandMiddle1
  m_TagString: Untagged
  m_Icon: {fileID: 0}
  m_NavMeshLayer: 0
  m_StaticEditorFlags: 0
  m_IsActive: 1
--- !u!4 &3497538953980994404
Transform:
  m_ObjectHideFlags: 0
  m_CorrespondingSourceObject: {fileID: 0}
  m_PrefabInstance: {fileID: 0}
  m_PrefabAsset: {fileID: 0}
  m_GameObject: {fileID: 6605135885107207462}
  m_LocalRotation: {x: 0.004134535, y: -0.00007538508, z: -0.018294381, w: 0.9998241}
  m_LocalPosition: {x: -0.00009574074, y: 0.0014517767, z: -0.000016456923}
  m_LocalScale: {x: 1.0000002, y: 1.0000005, z: 1.0000001}
  m_Children:
  - {fileID: 143094588746923126}
  m_Father: {fileID: 6684347466232697041}
  m_RootOrder: 1
  m_LocalEulerAnglesHint: {x: 0, y: 0, z: 0}
--- !u!1 &6631006977641891378
GameObject:
  m_ObjectHideFlags: 0
  m_CorrespondingSourceObject: {fileID: 0}
  m_PrefabInstance: {fileID: 0}
  m_PrefabAsset: {fileID: 0}
  serializedVersion: 6
  m_Component:
  - component: {fileID: 8891181553738195907}
  m_Layer: 0
  m_Name: mixamorig:RightHandIndex3
  m_TagString: Untagged
  m_Icon: {fileID: 0}
  m_NavMeshLayer: 0
  m_StaticEditorFlags: 0
  m_IsActive: 1
--- !u!4 &8891181553738195907
Transform:
  m_ObjectHideFlags: 0
  m_CorrespondingSourceObject: {fileID: 0}
  m_PrefabInstance: {fileID: 0}
  m_PrefabAsset: {fileID: 0}
  m_GameObject: {fileID: 6631006977641891378}
  m_LocalRotation: {x: -0.040225558, y: -0.0000000932077, z: -0.00000040591956, w: 0.9991906}
  m_LocalPosition: {x: 0.00000026736407, y: 0.00018061946, z: 0.0000000018905848}
  m_LocalScale: {x: 1, y: 0.99999964, z: 0.9999999}
  m_Children:
  - {fileID: 5957361994352633425}
  m_Father: {fileID: 646930721844484137}
  m_RootOrder: 0
  m_LocalEulerAnglesHint: {x: 0, y: 0, z: 0}
--- !u!1 &6724844741443313299
GameObject:
  m_ObjectHideFlags: 0
  m_CorrespondingSourceObject: {fileID: 0}
  m_PrefabInstance: {fileID: 0}
  m_PrefabAsset: {fileID: 0}
  serializedVersion: 6
  m_Component:
  - component: {fileID: 6111287442999130899}
  m_Layer: 0
  m_Name: mixamorig:LeftHandIndex4
  m_TagString: Untagged
  m_Icon: {fileID: 0}
  m_NavMeshLayer: 0
  m_StaticEditorFlags: 0
  m_IsActive: 1
--- !u!4 &6111287442999130899
Transform:
  m_ObjectHideFlags: 0
  m_CorrespondingSourceObject: {fileID: 0}
  m_PrefabInstance: {fileID: 0}
  m_PrefabAsset: {fileID: 0}
  m_GameObject: {fileID: 6724844741443313299}
  m_LocalRotation: {x: 0.000000050233222, y: -0.0000000022264433, z: -0.00000014476248, w: 1}
  m_LocalPosition: {x: 0.0000010101089, y: 0.00012517636, z: 0.000000004793983}
  m_LocalScale: {x: 0.99999994, y: 0.99999976, z: 0.99999976}
  m_Children: []
  m_Father: {fileID: 6688079739714389751}
  m_RootOrder: 0
  m_LocalEulerAnglesHint: {x: 0, y: 0, z: 0}
--- !u!1 &6836250863550821976
GameObject:
  m_ObjectHideFlags: 0
  m_CorrespondingSourceObject: {fileID: 0}
  m_PrefabInstance: {fileID: 0}
  m_PrefabAsset: {fileID: 0}
  serializedVersion: 6
  m_Component:
  - component: {fileID: 5738536605098707406}
  m_Layer: 0
  m_Name: mixamorig:LeftHandMiddle2
  m_TagString: Untagged
  m_Icon: {fileID: 0}
  m_NavMeshLayer: 0
  m_StaticEditorFlags: 0
  m_IsActive: 1
--- !u!4 &5738536605098707406
Transform:
  m_ObjectHideFlags: 0
  m_CorrespondingSourceObject: {fileID: 0}
  m_PrefabInstance: {fileID: 0}
  m_PrefabAsset: {fileID: 0}
  m_GameObject: {fileID: 6836250863550821976}
  m_LocalRotation: {x: -0.00969657, y: 0.00000013295265, z: -0.00000009173962, w: 0.99995303}
  m_LocalPosition: {x: 0.0000000064726917, y: 0.00020776066, z: -0.0000000023155007}
  m_LocalScale: {x: 0.9999999, y: 0.9999995, z: 0.99999905}
  m_Children:
  - {fileID: 5694345603631462207}
  m_Father: {fileID: 8267361001319093399}
  m_RootOrder: 0
  m_LocalEulerAnglesHint: {x: 0, y: 0, z: 0}
--- !u!1 &6883780373232651928
GameObject:
  m_ObjectHideFlags: 0
  m_CorrespondingSourceObject: {fileID: 0}
  m_PrefabInstance: {fileID: 0}
  m_PrefabAsset: {fileID: 0}
  serializedVersion: 6
  m_Component:
  - component: {fileID: 3347713685315303405}
  m_Layer: 0
  m_Name: mixamorig:HeadTop_End
  m_TagString: Untagged
  m_Icon: {fileID: 0}
  m_NavMeshLayer: 0
  m_StaticEditorFlags: 0
  m_IsActive: 1
--- !u!4 &3347713685315303405
Transform:
  m_ObjectHideFlags: 0
  m_CorrespondingSourceObject: {fileID: 0}
  m_PrefabInstance: {fileID: 0}
  m_PrefabAsset: {fileID: 0}
  m_GameObject: {fileID: 6883780373232651928}
  m_LocalRotation: {x: 7.1054274e-15, y: -1.9456969e-23, z: -6.82424e-24, w: 1}
  m_LocalPosition: {x: 5.8889025e-15, y: 0.0023742353, z: 0.0005785926}
  m_LocalScale: {x: 1, y: 1, z: 1}
  m_Children: []
  m_Father: {fileID: 1851760908111567154}
  m_RootOrder: 0
  m_LocalEulerAnglesHint: {x: 0, y: 0, z: 0}
--- !u!1 &7013778154957498490
GameObject:
  m_ObjectHideFlags: 0
  m_CorrespondingSourceObject: {fileID: 0}
  m_PrefabInstance: {fileID: 0}
  m_PrefabAsset: {fileID: 0}
  serializedVersion: 6
  m_Component:
  - component: {fileID: 1753281333303620809}
  m_Layer: 0
  m_Name: mixamorig:LeftHandThumb4
  m_TagString: Untagged
  m_Icon: {fileID: 0}
  m_NavMeshLayer: 0
  m_StaticEditorFlags: 0
  m_IsActive: 1
--- !u!4 &1753281333303620809
Transform:
  m_ObjectHideFlags: 0
  m_CorrespondingSourceObject: {fileID: 0}
  m_PrefabInstance: {fileID: 0}
  m_PrefabAsset: {fileID: 0}
  m_GameObject: {fileID: 7013778154957498490}
  m_LocalRotation: {x: 0.0000012856908, y: -0.00000012340027, z: 0.0000008270147, w: 1}
  m_LocalPosition: {x: -0.0000132681425, y: 0.00028338894, z: -0.0000000020070001}
  m_LocalScale: {x: 0.99999964, y: 0.9999999, z: 1}
  m_Children: []
  m_Father: {fileID: 140942756683701760}
  m_RootOrder: 0
  m_LocalEulerAnglesHint: {x: 0, y: 0, z: 0}
--- !u!1 &7200468244401898963
GameObject:
  m_ObjectHideFlags: 0
  m_CorrespondingSourceObject: {fileID: 0}
  m_PrefabInstance: {fileID: 0}
  m_PrefabAsset: {fileID: 0}
  serializedVersion: 6
  m_Component:
  - component: {fileID: 2222268048919077405}
  m_Layer: 0
  m_Name: mixamorig:RightHandRing1
  m_TagString: Untagged
  m_Icon: {fileID: 0}
  m_NavMeshLayer: 0
  m_StaticEditorFlags: 0
  m_IsActive: 1
--- !u!4 &2222268048919077405
Transform:
  m_ObjectHideFlags: 0
  m_CorrespondingSourceObject: {fileID: 0}
  m_PrefabInstance: {fileID: 0}
  m_PrefabAsset: {fileID: 0}
  m_GameObject: {fileID: 7200468244401898963}
  m_LocalRotation: {x: -0.007736489, y: 0.00046041678, z: -0.05938833, w: 0.9982049}
  m_LocalPosition: {x: 0.00012516032, y: 0.0013914235, z: -0.000014826804}
  m_LocalScale: {x: 0.9999997, y: 1.0000004, z: 1.0000005}
  m_Children:
  - {fileID: 413399085910883951}
  m_Father: {fileID: 6684347466232697041}
  m_RootOrder: 3
  m_LocalEulerAnglesHint: {x: 0, y: 0, z: 0}
--- !u!1 &7321504593515672224
GameObject:
  m_ObjectHideFlags: 0
  m_CorrespondingSourceObject: {fileID: 0}
  m_PrefabInstance: {fileID: 0}
  m_PrefabAsset: {fileID: 0}
  serializedVersion: 6
  m_Component:
  - component: {fileID: 218546068927781392}
  m_Layer: 0
  m_Name: mixamorig:LeftHandRing3
  m_TagString: Untagged
  m_Icon: {fileID: 0}
  m_NavMeshLayer: 0
  m_StaticEditorFlags: 0
  m_IsActive: 1
--- !u!4 &218546068927781392
Transform:
  m_ObjectHideFlags: 0
  m_CorrespondingSourceObject: {fileID: 0}
  m_PrefabInstance: {fileID: 0}
  m_PrefabAsset: {fileID: 0}
  m_GameObject: {fileID: 7321504593515672224}
  m_LocalRotation: {x: 0.015929038, y: 0.00000023938043, z: 0.0000003297302, w: 0.99987316}
  m_LocalPosition: {x: -0.000000021345913, y: 0.00017651779, z: -8.5565256e-11}
  m_LocalScale: {x: 0.9999998, y: 0.9999998, z: 0.99999976}
  m_Children:
  - {fileID: 5653468857650901613}
  m_Father: {fileID: 2409331548105060739}
  m_RootOrder: 0
  m_LocalEulerAnglesHint: {x: 0, y: 0, z: 0}
--- !u!1 &7611323845040038589
GameObject:
  m_ObjectHideFlags: 0
  m_CorrespondingSourceObject: {fileID: 0}
  m_PrefabInstance: {fileID: 0}
  m_PrefabAsset: {fileID: 0}
  serializedVersion: 6
  m_Component:
  - component: {fileID: 2430672460951994244}
  m_Layer: 0
  m_Name: mixamorig:LeftUpLeg
  m_TagString: Untagged
  m_Icon: {fileID: 0}
  m_NavMeshLayer: 0
  m_StaticEditorFlags: 0
  m_IsActive: 1
--- !u!4 &2430672460951994244
Transform:
  m_ObjectHideFlags: 0
  m_CorrespondingSourceObject: {fileID: 0}
  m_PrefabInstance: {fileID: 0}
  m_PrefabAsset: {fileID: 0}
  m_GameObject: {fileID: 7611323845040038589}
  m_LocalRotation: {x: 0.00041615925, y: -0.012502395, z: 0.9993135, w: 0.034872722}
  m_LocalPosition: {x: -0.0010642917, y: -0.0005236083, z: -0.000013519722}
  m_LocalScale: {x: 1.0000087, y: 0.99999994, z: 1.0000017}
  m_Children:
  - {fileID: 6224123000460161232}
  m_Father: {fileID: 5544906155089834798}
  m_RootOrder: 0
  m_LocalEulerAnglesHint: {x: 0, y: 0, z: 0}
--- !u!1 &7766471982298760581
GameObject:
  m_ObjectHideFlags: 0
  m_CorrespondingSourceObject: {fileID: 0}
  m_PrefabInstance: {fileID: 0}
  m_PrefabAsset: {fileID: 0}
  serializedVersion: 6
  m_Component:
  - component: {fileID: 3100671811361794744}
  m_Layer: 0
  m_Name: mixamorig:RightLeg
  m_TagString: Untagged
  m_Icon: {fileID: 0}
  m_NavMeshLayer: 0
  m_StaticEditorFlags: 0
  m_IsActive: 1
--- !u!4 &3100671811361794744
Transform:
  m_ObjectHideFlags: 0
  m_CorrespondingSourceObject: {fileID: 0}
  m_PrefabInstance: {fileID: 0}
  m_PrefabAsset: {fileID: 0}
  m_GameObject: {fileID: 7766471982298760581}
  m_LocalRotation: {x: -0.031033289, y: -0.0013027414, z: 0.042733055, w: 0.9986036}
  m_LocalPosition: {x: 6.8775985e-11, y: 0.0045189452, z: -2.8513795e-11}
  m_LocalScale: {x: 0.9999996, y: 0.9999998, z: 0.99999976}
  m_Children:
  - {fileID: 4732636134032688031}
  m_Father: {fileID: 5612620257853404245}
  m_RootOrder: 0
  m_LocalEulerAnglesHint: {x: 0, y: 0, z: 0}
--- !u!1 &7893404820173541080
GameObject:
  m_ObjectHideFlags: 0
  m_CorrespondingSourceObject: {fileID: 0}
  m_PrefabInstance: {fileID: 0}
  m_PrefabAsset: {fileID: 0}
  serializedVersion: 6
  m_Component:
  - component: {fileID: 8198528830265298889}
  m_Layer: 0
  m_Name: mixamorig:RightToe_End
  m_TagString: Untagged
  m_Icon: {fileID: 0}
  m_NavMeshLayer: 0
  m_StaticEditorFlags: 0
  m_IsActive: 1
--- !u!4 &8198528830265298889
Transform:
  m_ObjectHideFlags: 0
  m_CorrespondingSourceObject: {fileID: 0}
  m_PrefabInstance: {fileID: 0}
  m_PrefabAsset: {fileID: 0}
  m_GameObject: {fileID: 7893404820173541080}
  m_LocalRotation: {x: 0.00000013719543, y: 0.0000071203513, z: 0.000000020336303, w: 1}
  m_LocalPosition: {x: 0.0000000013430735, y: 0.0007103787, z: 2.9045621e-10}
  m_LocalScale: {x: 1.0000004, y: 0.9999998, z: 1.0000005}
  m_Children: []
  m_Father: {fileID: 5595365411902508672}
  m_RootOrder: 0
  m_LocalEulerAnglesHint: {x: 0, y: 0, z: 0}
--- !u!1 &7950971703238378877
GameObject:
  m_ObjectHideFlags: 0
  m_CorrespondingSourceObject: {fileID: 0}
  m_PrefabInstance: {fileID: 0}
  m_PrefabAsset: {fileID: 0}
  serializedVersion: 6
  m_Component:
  - component: {fileID: 8189032120934405654}
  m_Layer: 0
  m_Name: mixamorig:RightHandPinky2
  m_TagString: Untagged
  m_Icon: {fileID: 0}
  m_NavMeshLayer: 0
  m_StaticEditorFlags: 0
  m_IsActive: 1
--- !u!4 &8189032120934405654
Transform:
  m_ObjectHideFlags: 0
  m_CorrespondingSourceObject: {fileID: 0}
  m_PrefabInstance: {fileID: 0}
  m_PrefabAsset: {fileID: 0}
  m_GameObject: {fileID: 7950971703238378877}
  m_LocalRotation: {x: 0.038914252, y: -0.0000001444645, z: 0.00000017801752, w: 0.99924254}
  m_LocalPosition: {x: -0.00000036044045, y: 0.0001948698, z: -5.992479e-10}
  m_LocalScale: {x: 0.99999976, y: 0.99999964, z: 0.9999993}
  m_Children:
  - {fileID: 5893562994137747830}
  m_Father: {fileID: 8184203101109321443}
  m_RootOrder: 0
  m_LocalEulerAnglesHint: {x: 0, y: 0, z: 0}
--- !u!1 &8073701371109093085
GameObject:
  m_ObjectHideFlags: 0
  m_CorrespondingSourceObject: {fileID: 0}
  m_PrefabInstance: {fileID: 0}
  m_PrefabAsset: {fileID: 0}
  serializedVersion: 6
  m_Component:
  - component: {fileID: 646930721844484137}
  m_Layer: 0
  m_Name: mixamorig:RightHandIndex2
  m_TagString: Untagged
  m_Icon: {fileID: 0}
  m_NavMeshLayer: 0
  m_StaticEditorFlags: 0
  m_IsActive: 1
--- !u!4 &646930721844484137
Transform:
  m_ObjectHideFlags: 0
  m_CorrespondingSourceObject: {fileID: 0}
  m_PrefabInstance: {fileID: 0}
  m_PrefabAsset: {fileID: 0}
  m_GameObject: {fileID: 8073701371109093085}
  m_LocalRotation: {x: 0.006095429, y: 0.00000011362352, z: 0.00000046008205, w: 0.99998146}
  m_LocalPosition: {x: 0.00000018564984, y: 0.0001829309, z: -6.426126e-10}
  m_LocalScale: {x: 1, y: 0.99999946, z: 0.99999917}
  m_Children:
  - {fileID: 8891181553738195907}
  m_Father: {fileID: 2872949203603664805}
  m_RootOrder: 0
  m_LocalEulerAnglesHint: {x: 0, y: 0, z: 0}
--- !u!1 &8177213870237278632
GameObject:
  m_ObjectHideFlags: 0
  m_CorrespondingSourceObject: {fileID: 0}
  m_PrefabInstance: {fileID: 0}
  m_PrefabAsset: {fileID: 0}
  serializedVersion: 6
  m_Component:
  - component: {fileID: 8804708916275690258}
  - component: {fileID: 3229275308753314152}
  - component: {fileID: 5304183772615607160}
  - component: {fileID: 6876157455087326508}
  - component: {fileID: 751610854179258080}
  - component: {fileID: 4851185521489701364}
  m_Layer: 0
  m_Name: ArmorCyberX91
  m_TagString: Untagged
  m_Icon: {fileID: 0}
  m_NavMeshLayer: 0
  m_StaticEditorFlags: 0
  m_IsActive: 1
--- !u!4 &8804708916275690258
Transform:
  m_ObjectHideFlags: 0
  m_CorrespondingSourceObject: {fileID: 0}
  m_PrefabInstance: {fileID: 0}
  m_PrefabAsset: {fileID: 0}
  m_GameObject: {fileID: 8177213870237278632}
  m_LocalRotation: {x: 0, y: 0, z: 0, w: 1}
  m_LocalPosition: {x: 0, y: 9.3, z: 0}
  m_LocalScale: {x: 1, y: 1, z: 1}
  m_Children:
  - {fileID: 468454964360407948}
  - {fileID: 4931163005673100995}
  m_Father: {fileID: 0}
  m_RootOrder: 0
  m_LocalEulerAnglesHint: {x: 0, y: 0, z: 0}
--- !u!95 &3229275308753314152
Animator:
  serializedVersion: 3
  m_ObjectHideFlags: 0
  m_CorrespondingSourceObject: {fileID: 0}
  m_PrefabInstance: {fileID: 0}
  m_PrefabAsset: {fileID: 0}
  m_GameObject: {fileID: 8177213870237278632}
  m_Enabled: 1
  m_Avatar: {fileID: 9000000, guid: 7051f29998454f940a01c768cd878ea3, type: 3}
  m_Controller: {fileID: 9100000, guid: f64da1cddb4ad4543b23eceac17e5e00, type: 2}
  m_CullingMode: 1
  m_UpdateMode: 0
  m_ApplyRootMotion: 1
  m_LinearVelocityBlending: 0
  m_WarningMessage: 
  m_HasTransformHierarchy: 1
  m_AllowConstantClipSamplingOptimization: 1
  m_KeepAnimatorControllerStateOnDisable: 0
--- !u!54 &5304183772615607160
Rigidbody:
  m_ObjectHideFlags: 0
  m_CorrespondingSourceObject: {fileID: 0}
  m_PrefabInstance: {fileID: 0}
  m_PrefabAsset: {fileID: 0}
  m_GameObject: {fileID: 8177213870237278632}
  serializedVersion: 2
  m_Mass: 1
  m_Drag: 0
  m_AngularDrag: 0.05
  m_UseGravity: 1
  m_IsKinematic: 0
  m_Interpolate: 0
  m_Constraints: 0
  m_CollisionDetection: 0
--- !u!143 &6876157455087326508
CharacterController:
  m_ObjectHideFlags: 0
  m_CorrespondingSourceObject: {fileID: 0}
  m_PrefabInstance: {fileID: 0}
  m_PrefabAsset: {fileID: 0}
  m_GameObject: {fileID: 8177213870237278632}
  m_Material: {fileID: 0}
  m_IsTrigger: 0
  m_Enabled: 1
  serializedVersion: 2
  m_Height: 1.8
  m_Radius: 0.3
  m_SlopeLimit: 45
  m_StepOffset: 0.3
  m_SkinWidth: 0.08
  m_MinMoveDistance: 0.001
  m_Center: {x: 0, y: 0.9, z: 0}
--- !u!114 &751610854179258080
MonoBehaviour:
  m_ObjectHideFlags: 0
  m_CorrespondingSourceObject: {fileID: 0}
  m_PrefabInstance: {fileID: 0}
  m_PrefabAsset: {fileID: 0}
  m_GameObject: {fileID: 8177213870237278632}
  m_Enabled: 1
  m_EditorHideFlags: 0
  m_Script: {fileID: 11500000, guid: 62899f850307741f2a39c98a8b639597, type: 3}
  m_Name: 
  m_EditorClassIdentifier: 
  m_Actions: {fileID: -944628639613478452, guid: 5a97dc839b109314a9a87254385994d7, type: 3}
  m_NotificationBehavior: 2
  m_UIInputModule: {fileID: 0}
  m_DeviceLostEvent:
    m_PersistentCalls:
      m_Calls: []
  m_DeviceRegainedEvent:
    m_PersistentCalls:
      m_Calls: []
  m_ControlsChangedEvent:
    m_PersistentCalls:
      m_Calls: []
  m_ActionEvents:
  - m_PersistentCalls:
      m_Calls:
      - m_Target: {fileID: 4851185521489701364}
        m_TargetAssemblyTypeName: PlayerControl, Assembly-CSharp
        m_MethodName: OnForward
        m_Mode: 0
        m_Arguments:
          m_ObjectArgument: {fileID: 0}
          m_ObjectArgumentAssemblyTypeName: UnityEngine.Object, UnityEngine
          m_IntArgument: 0
          m_FloatArgument: 0
          m_StringArgument: 
          m_BoolArgument: 0
        m_CallState: 2
    m_ActionId: 9dd0ba73-5a41-4cad-9f96-2019a6ae41cc
    m_ActionName: Player/Forward[/Keyboard/s,/Keyboard/w]
  - m_PersistentCalls:
      m_Calls:
      - m_Target: {fileID: 4851185521489701364}
        m_TargetAssemblyTypeName: PlayerControl, Assembly-CSharp
        m_MethodName: OnTurn
        m_Mode: 0
        m_Arguments:
          m_ObjectArgument: {fileID: 0}
          m_ObjectArgumentAssemblyTypeName: UnityEngine.Object, UnityEngine
          m_IntArgument: 0
          m_FloatArgument: 0
          m_StringArgument: 
          m_BoolArgument: 0
        m_CallState: 2
    m_ActionId: 51c453f9-ac5f-432d-aac4-2e78ca8d917e
    m_ActionName: Player/Turn[/Keyboard/a,/Keyboard/d]
  m_NeverAutoSwitchControlSchemes: 0
  m_DefaultControlScheme: 
  m_DefaultActionMap: Player
  m_SplitScreenIndex: -1
  m_Camera: {fileID: 0}
--- !u!114 &4851185521489701364
MonoBehaviour:
  m_ObjectHideFlags: 0
  m_CorrespondingSourceObject: {fileID: 0}
  m_PrefabInstance: {fileID: 0}
  m_PrefabAsset: {fileID: 0}
  m_GameObject: {fileID: 8177213870237278632}
  m_Enabled: 1
  m_EditorHideFlags: 0
  m_Script: {fileID: 11500000, guid: 161899ca46d6a4c4e896ba5a85ed18e2, type: 3}
  m_Name: 
  m_EditorClassIdentifier: 
  forward: 0
  turn: 0
--- !u!1 &8182488756242933976
GameObject:
  m_ObjectHideFlags: 0
  m_CorrespondingSourceObject: {fileID: 0}
  m_PrefabInstance: {fileID: 0}
  m_PrefabAsset: {fileID: 0}
  serializedVersion: 6
  m_Component:
  - component: {fileID: 8184203101109321443}
  m_Layer: 0
  m_Name: mixamorig:RightHandPinky1
  m_TagString: Untagged
  m_Icon: {fileID: 0}
  m_NavMeshLayer: 0
  m_StaticEditorFlags: 0
  m_IsActive: 1
--- !u!4 &8184203101109321443
Transform:
  m_ObjectHideFlags: 0
  m_CorrespondingSourceObject: {fileID: 0}
  m_PrefabInstance: {fileID: 0}
  m_PrefabAsset: {fileID: 0}
  m_GameObject: {fileID: 8182488756242933976}
  m_LocalRotation: {x: -0.05018186, y: 0.0053809355, z: -0.10647832, w: 0.99303335}
  m_LocalPosition: {x: 0.00028642826, y: 0.0011231469, z: 0.00003628266}
  m_LocalScale: {x: 1.0000001, y: 1.0000002, z: 1.0000002}
  m_Children:
  - {fileID: 8189032120934405654}
  m_Father: {fileID: 6684347466232697041}
  m_RootOrder: 2
  m_LocalEulerAnglesHint: {x: 0, y: 0, z: 0}
--- !u!1 &8265033153551533650
GameObject:
  m_ObjectHideFlags: 0
  m_CorrespondingSourceObject: {fileID: 0}
  m_PrefabInstance: {fileID: 0}
  m_PrefabAsset: {fileID: 0}
  serializedVersion: 6
  m_Component:
  - component: {fileID: 6546501730066802796}
  m_Layer: 0
  m_Name: mixamorig:RightForeArm
  m_TagString: Untagged
  m_Icon: {fileID: 0}
  m_NavMeshLayer: 0
  m_StaticEditorFlags: 0
  m_IsActive: 1
--- !u!4 &6546501730066802796
Transform:
  m_ObjectHideFlags: 0
  m_CorrespondingSourceObject: {fileID: 0}
  m_PrefabInstance: {fileID: 0}
  m_PrefabAsset: {fileID: 0}
  m_GameObject: {fileID: 8265033153551533650}
  m_LocalRotation: {x: -0.08570543, y: -0.010737157, z: 0.12383572, w: 0.9885363}
  m_LocalPosition: {x: -8.498318e-11, y: 0.0025132904, z: 0.0000000010684016}
  m_LocalScale: {x: 1, y: 1.0000001, z: 0.9999999}
  m_Children:
  - {fileID: 6684347466232697041}
  m_Father: {fileID: 4768645284716677870}
  m_RootOrder: 0
  m_LocalEulerAnglesHint: {x: 0, y: 0, z: 0}
--- !u!1 &8301886390096571445
GameObject:
  m_ObjectHideFlags: 0
  m_CorrespondingSourceObject: {fileID: 0}
  m_PrefabInstance: {fileID: 0}
  m_PrefabAsset: {fileID: 0}
  serializedVersion: 6
  m_Component:
  - component: {fileID: 3351240897160318880}
  m_Layer: 0
  m_Name: mixamorig:RightHandThumb2
  m_TagString: Untagged
  m_Icon: {fileID: 0}
  m_NavMeshLayer: 0
  m_StaticEditorFlags: 0
  m_IsActive: 1
--- !u!4 &3351240897160318880
Transform:
  m_ObjectHideFlags: 0
  m_CorrespondingSourceObject: {fileID: 0}
  m_PrefabInstance: {fileID: 0}
  m_PrefabAsset: {fileID: 0}
  m_GameObject: {fileID: 8301886390096571445}
  m_LocalRotation: {x: 0.07231884, y: -0.0000005014334, z: 0.0000005677309, w: 0.99738157}
  m_LocalPosition: {x: -0.0000049350037, y: 0.00039875018, z: -7.636845e-10}
  m_LocalScale: {x: 0.9999996, y: 0.9999996, z: 0.9999996}
  m_Children:
  - {fileID: 6842647057449728938}
  m_Father: {fileID: 1270496878491165244}
  m_RootOrder: 0
  m_LocalEulerAnglesHint: {x: 0, y: 0, z: 0}
--- !u!1 &8461083219258095761
GameObject:
  m_ObjectHideFlags: 0
  m_CorrespondingSourceObject: {fileID: 0}
  m_PrefabInstance: {fileID: 0}
  m_PrefabAsset: {fileID: 0}
  serializedVersion: 6
  m_Component:
  - component: {fileID: 4931163005673100995}
  - component: {fileID: 7717931721841705387}
  m_Layer: 0
  m_Name: Body
  m_TagString: Untagged
  m_Icon: {fileID: 0}
  m_NavMeshLayer: 0
  m_StaticEditorFlags: 0
  m_IsActive: 1
--- !u!4 &4931163005673100995
Transform:
  m_ObjectHideFlags: 0
  m_CorrespondingSourceObject: {fileID: 0}
  m_PrefabInstance: {fileID: 0}
  m_PrefabAsset: {fileID: 0}
  m_GameObject: {fileID: 8461083219258095761}
  m_LocalRotation: {x: -0.7071068, y: 0, z: -0, w: 0.7071067}
  m_LocalPosition: {x: -0, y: 0, z: 0}
  m_LocalScale: {x: 100, y: 100, z: 100}
  m_Children: []
  m_Father: {fileID: 8804708916275690258}
  m_RootOrder: 1
  m_LocalEulerAnglesHint: {x: 0, y: 0, z: 0}
--- !u!137 &7717931721841705387
SkinnedMeshRenderer:
  m_ObjectHideFlags: 0
  m_CorrespondingSourceObject: {fileID: 0}
  m_PrefabInstance: {fileID: 0}
  m_PrefabAsset: {fileID: 0}
  m_GameObject: {fileID: 8461083219258095761}
  m_Enabled: 1
  m_CastShadows: 1
  m_ReceiveShadows: 1
  m_DynamicOccludee: 1
  m_MotionVectors: 1
  m_LightProbeUsage: 1
  m_ReflectionProbeUsage: 1
  m_RayTracingMode: 3
  m_RayTraceProcedural: 0
  m_RenderingLayerMask: 1
  m_RendererPriority: 0
  m_Materials:
  - {fileID: 2100000, guid: 5e38495b53d110a479da55bed11e87f2, type: 2}
  - {fileID: 2100000, guid: 9b642aa64db5d9d46b2fce3dc6be3a03, type: 2}
  - {fileID: 2100000, guid: 012879d99f8787f47a730ed873003892, type: 2}
  - {fileID: 2100000, guid: d420d392e99f62e43b0e208e16b961b3, type: 2}
  - {fileID: 2100000, guid: 6ace251e18510474c910f540c3ee20f7, type: 2}
  - {fileID: 2100000, guid: ead613992a58f7d4c963c0b98857fd85, type: 2}
  - {fileID: 2100000, guid: e8b1296b8aadbf34a907b61fc78c32a0, type: 2}
  - {fileID: 2100000, guid: f3dbb130bbfd6214a9db17abc18ab83b, type: 2}
  - {fileID: 2100000, guid: 5e8d3a003209e384c8aedf910f49c001, type: 2}
  - {fileID: 2100000, guid: 417e4b8e47791d5418a564d4a6a6fffc, type: 2}
  - {fileID: 2100000, guid: eb8c619b86b086b438794181428be23e, type: 2}
  - {fileID: 2100000, guid: c5a53d7a8e385f74880e777245990652, type: 2}
  - {fileID: 2100000, guid: a18dd5f0aeae140479e636dc7996ebdc, type: 2}
  - {fileID: 2100000, guid: 6360c2adff4706c48ae2cb2750e559fd, type: 2}
  - {fileID: 2100000, guid: 8ea1f89d352962540a982baff18a7544, type: 2}
  - {fileID: 2100000, guid: 5b571d429e393c5438e1c91c684e07a7, type: 2}
  - {fileID: 2100000, guid: 0ae72bba3f3734b46b2de29d8057b172, type: 2}
  - {fileID: 2100000, guid: 17737cfda0a56d24a82f27ea82193280, type: 2}
  - {fileID: 2100000, guid: af4f401c7bf6e92498f9b3b01786da68, type: 2}
  - {fileID: 2100000, guid: 7199f6ef0bec3794e8e78eda8fe581a0, type: 2}
  - {fileID: 2100000, guid: 9493d0494179db041a214406c98b6ee8, type: 2}
  m_StaticBatchInfo:
    firstSubMesh: 0
    subMeshCount: 0
  m_StaticBatchRoot: {fileID: 0}
  m_ProbeAnchor: {fileID: 0}
  m_LightProbeVolumeOverride: {fileID: 0}
  m_ScaleInLightmap: 1
  m_ReceiveGI: 1
  m_PreserveUVs: 0
  m_IgnoreNormalsForChartDetection: 0
  m_ImportantGI: 0
  m_StitchLightmapSeams: 1
  m_SelectedEditorRenderState: 3
  m_MinimumChartSize: 4
  m_AutoUVMaxDistance: 0.5
  m_AutoUVMaxAngle: 89
  m_LightmapParameters: {fileID: 0}
  m_SortingLayerID: 0
  m_SortingLayer: 0
  m_SortingOrder: 0
  serializedVersion: 2
  m_Quality: 0
  m_UpdateWhenOffscreen: 0
  m_SkinnedMotionVectors: 1
  m_Mesh: {fileID: 2959467708922500008, guid: 7051f29998454f940a01c768cd878ea3, type: 3}
  m_Bones:
  - {fileID: 5544906155089834798}
  - {fileID: 7908088833984379574}
  - {fileID: 1230074311436398141}
  - {fileID: 6717759777551653936}
  - {fileID: 243917203595180528}
  - {fileID: 1851760908111567154}
  - {fileID: 3347713685315303405}
  - {fileID: 5663351290405265185}
  - {fileID: 7867258252581714186}
  - {fileID: 8721242854629939096}
  - {fileID: 2363666233200965952}
  - {fileID: 1391242884292136560}
  - {fileID: 5283660262457026917}
  - {fileID: 140942756683701760}
  - {fileID: 1753281333303620809}
  - {fileID: 3001202932747822673}
  - {fileID: 8706058076662624998}
  - {fileID: 6688079739714389751}
  - {fileID: 6111287442999130899}
  - {fileID: 8267361001319093399}
  - {fileID: 5738536605098707406}
  - {fileID: 5694345603631462207}
  - {fileID: 8396173329907956753}
  - {fileID: 2831118826506930954}
  - {fileID: 2409331548105060739}
  - {fileID: 218546068927781392}
  - {fileID: 5653468857650901613}
  - {fileID: 4460593515239432796}
  - {fileID: 7364017845031060860}
  - {fileID: 2403671270509321507}
  - {fileID: 1112837364067651586}
  - {fileID: 3428181750882090606}
  - {fileID: 4768645284716677870}
  - {fileID: 6546501730066802796}
  - {fileID: 6684347466232697041}
  - {fileID: 1270496878491165244}
  - {fileID: 3351240897160318880}
  - {fileID: 6842647057449728938}
  - {fileID: 148897458179290999}
  - {fileID: 2872949203603664805}
  - {fileID: 646930721844484137}
  - {fileID: 8891181553738195907}
  - {fileID: 5957361994352633425}
  - {fileID: 3497538953980994404}
  - {fileID: 143094588746923126}
  - {fileID: 495523555932006073}
  - {fileID: 3007337464708674767}
  - {fileID: 2222268048919077405}
  - {fileID: 413399085910883951}
  - {fileID: 4065452744836273778}
  - {fileID: 2200049630525747824}
  - {fileID: 8184203101109321443}
  - {fileID: 8189032120934405654}
  - {fileID: 5893562994137747830}
  - {fileID: 8125699031324329270}
  - {fileID: 2430672460951994244}
  - {fileID: 6224123000460161232}
  - {fileID: 360045855243887329}
  - {fileID: 2987826918807003077}
  - {fileID: 5850497209819293930}
  - {fileID: 5612620257853404245}
  - {fileID: 3100671811361794744}
  - {fileID: 4732636134032688031}
  - {fileID: 5595365411902508672}
  - {fileID: 8198528830265298889}
  m_BlendShapeWeights: []
  m_RootBone: {fileID: 5544906155089834798}
  m_AABB:
    m_Center: {x: 0.000020406675, y: -0.0020475932, z: -0.00015520002}
    m_Extent: {x: 0.0064002355, y: 0.009740174, z: 0.003083823}
  m_DirtyAABB: 0
--- !u!1 &8526242347412142780
GameObject:
  m_ObjectHideFlags: 0
  m_CorrespondingSourceObject: {fileID: 0}
  m_PrefabInstance: {fileID: 0}
  m_PrefabAsset: {fileID: 0}
  serializedVersion: 6
  m_Component:
  - component: {fileID: 1112837364067651586}
  m_Layer: 0
  m_Name: mixamorig:LeftHandPinky4
  m_TagString: Untagged
  m_Icon: {fileID: 0}
  m_NavMeshLayer: 0
  m_StaticEditorFlags: 0
  m_IsActive: 1
--- !u!4 &1112837364067651586
Transform:
  m_ObjectHideFlags: 0
  m_CorrespondingSourceObject: {fileID: 0}
  m_PrefabInstance: {fileID: 0}
  m_PrefabAsset: {fileID: 0}
  m_GameObject: {fileID: 8526242347412142780}
  m_LocalRotation: {x: -0.0000025808113, y: 0.000000014901158, z: -0.00000033061946, w: 1}
  m_LocalPosition: {x: 0.0000003964547, y: 0.00008313468, z: -0.0000000057707075}
  m_LocalScale: {x: 1.0000004, y: 1, z: 1.0000001}
  m_Children: []
  m_Father: {fileID: 2403671270509321507}
  m_RootOrder: 0
  m_LocalEulerAnglesHint: {x: 0, y: 0, z: 0}
--- !u!1 &8832561024921906773
GameObject:
  m_ObjectHideFlags: 0
  m_CorrespondingSourceObject: {fileID: 0}
  m_PrefabInstance: {fileID: 0}
  m_PrefabAsset: {fileID: 0}
  serializedVersion: 6
  m_Component:
  - component: {fileID: 1391242884292136560}
  m_Layer: 0
  m_Name: mixamorig:LeftHandThumb1
  m_TagString: Untagged
  m_Icon: {fileID: 0}
  m_NavMeshLayer: 0
  m_StaticEditorFlags: 0
  m_IsActive: 1
--- !u!4 &1391242884292136560
Transform:
  m_ObjectHideFlags: 0
  m_CorrespondingSourceObject: {fileID: 0}
  m_PrefabInstance: {fileID: 0}
  m_PrefabAsset: {fileID: 0}
  m_GameObject: {fileID: 8832561024921906773}
  m_LocalRotation: {x: 0.10539693, y: -0.03100145, z: -0.28047505, w: 0.95355344}
  m_LocalPosition: {x: 0.00026223715, y: 0.00039920147, z: 0.00010689072}
  m_LocalScale: {x: 1.0000005, y: 1.0000006, z: 1.0000004}
  m_Children:
  - {fileID: 5283660262457026917}
  m_Father: {fileID: 2363666233200965952}
  m_RootOrder: 4
  m_LocalEulerAnglesHint: {x: 0, y: 0, z: 0}
--- !u!1 &8862521158153921857
GameObject:
  m_ObjectHideFlags: 0
  m_CorrespondingSourceObject: {fileID: 0}
  m_PrefabInstance: {fileID: 0}
  m_PrefabAsset: {fileID: 0}
  serializedVersion: 6
  m_Component:
  - component: {fileID: 5544906155089834798}
  m_Layer: 0
  m_Name: mixamorig:Hips
  m_TagString: Untagged
  m_Icon: {fileID: 0}
  m_NavMeshLayer: 0
  m_StaticEditorFlags: 0
  m_IsActive: 1
--- !u!4 &5544906155089834798
Transform:
  m_ObjectHideFlags: 0
  m_CorrespondingSourceObject: {fileID: 0}
  m_PrefabInstance: {fileID: 0}
  m_PrefabAsset: {fileID: 0}
  m_GameObject: {fileID: 8862521158153921857}
  m_LocalRotation: {x: 0.7071068, y: 0, z: -0, w: 0.7071067}
  m_LocalPosition: {x: -0.000018604149, y: -0.0000029336338, z: 0.010417266}
  m_LocalScale: {x: 0.9999996, y: 1, z: 1}
  m_Children:
  - {fileID: 2430672460951994244}
  - {fileID: 5612620257853404245}
  - {fileID: 7908088833984379574}
  m_Father: {fileID: 468454964360407948}
  m_RootOrder: 0
  m_LocalEulerAnglesHint: {x: 0, y: 0, z: 0}
--- !u!1 &9096179827946895160
GameObject:
  m_ObjectHideFlags: 0
  m_CorrespondingSourceObject: {fileID: 0}
  m_PrefabInstance: {fileID: 0}
  m_PrefabAsset: {fileID: 0}
  serializedVersion: 6
  m_Component:
  - component: {fileID: 1230074311436398141}
  m_Layer: 0
  m_Name: mixamorig:Spine1
  m_TagString: Untagged
  m_Icon: {fileID: 0}
  m_NavMeshLayer: 0
  m_StaticEditorFlags: 0
  m_IsActive: 1
--- !u!4 &1230074311436398141
Transform:
  m_ObjectHideFlags: 0
  m_CorrespondingSourceObject: {fileID: 0}
  m_PrefabInstance: {fileID: 0}
  m_PrefabAsset: {fileID: 0}
  m_GameObject: {fileID: 9096179827946895160}
  m_LocalRotation: {x: -0.00000015459962, y: 0, z: -0, w: 1}
  m_LocalPosition: {x: -1.1641532e-12, y: 0.0011057405, z: -5.587935e-10}
  m_LocalScale: {x: 0.9999992, y: 0.99999976, z: 0.99999946}
  m_Children:
  - {fileID: 6717759777551653936}
  m_Father: {fileID: 7908088833984379574}
  m_RootOrder: 0
  m_LocalEulerAnglesHint: {x: 0, y: 0, z: 0}
